Workbook
Name APU: APU!$A$1:$G$557
Name APUAUXILIARES: 'APU AUXILIARES'!$A$1:$G$816
Name CODIGOEQUIPOS: 'INSUMOS EQUIPOS'!$A$7:$A$62
Name CODIGOMATERIALES: 'INSUMOS MATERIALES'!$A$7:$A$147
Name CODIGOSMANODEOBRA: 'INSUMOS MANO DE OBRA'!$A$7:$A$61
Name CODIGOSSERVICIOS: 'INSUMOS SERVICIOS'!$A$7:$A$21
Name CODIGOTRANSPORTES: 'INSUMOS TRANSPORTES'!$A$7:$A$27
Name FACTORPRESTACIONAL: 'FACTOR PRESTACIONAL'!$A$7:$BE$32
Name INSUMOSEQUIPOS: 'INSUMOS EQUIPOS'!$A$7:$D$62
Name INSUMOSMANODEOBRA: 'INSUMOS MANO DE OBRA'!$A$7:$H$61
Name INSUMOSMATERIALES: 'INSUMOS MATERIALES'!$A$7:$D$147
Name INSUMOSSERVICIOS: 'INSUMOS SERVICIOS'!$A$7:$D$21
Name INSUMOSTRANSPORTES: 'INSUMOS TRANSPORTES'!$A$7:$D$27
Name MEMORIAS: MEMORIAS!$A$1:$H$607
Name PRESUPUESTO: 'FICHA TECNICA'!$A$7:$H$20
Name PRESUPUESTO: PRESUPUESTO!$A$7:$H$20
Name PRESUPUESTO: #REF!

Sheet DATOS INICIALES
B1: DEPARTAMENTO DE ANTIOQUIA
B2: MUNICIPIO DE DABEIBA
B3: =B7 -> REPOSICIÓN, AMPLIACIÓN Y REPARACIÓN DE LUMINARIAS QUE HACEN PARTE DE LA RED DE ALUMBRADOPÚBLICO DEL PARQUE PRINCIPAL Y CORREGIMIENTO SAN JOSÉ DE URAMA DEL MUNICIPIO DE DABEIBA.
B5: DATOS INICIALES
A6: ENTIDAD: | B6: MUNICIPIO DE DABEIBA | C6: Elija el municipio de la lista desplegable
A7: NOMBRE DEL PROYECTO: | B7: REPOSICIÓN, AMPLIACIÓN Y REPARACIÓN DE LUMINARIAS QUE HACEN PARTE DE LA RED DE ALUMBRADOPÚBLICO DEL PARQUE PRINCIPAL Y CORREGIMIENTO SAN JOSÉ DE URAMA DEL MUNICIPIO DE DABEIBA. | C7: Digite el nombre del proyecto. Recuerde que debe coincidir con el objeto del contrato resultante de este proceso.
A8: RESPONSABLE: | B8: DIONISIO NAVARRO CASTAÑEDA | C8: Digite el nombre del profesional responsable del presupuesto.
A9: CARGO DE RESPONSABLE: | B9: PROFESIONAL UNIVERSITARIO | C9: Digite el cargo del profesional responsable del presupuesto.
A10: DEPENDENCIA DE RESPONSABLE: | B10: PLANEACIÓN Y HABITAT | C10: Digite el nombre de la dependencia del profesional responsable del presupuesto.
A11: MATRÍCULA PROFESIONAL RESPONSABLE: | B11: MAT No. A08092009-72280770 | C11: Digite la matrícula profesional del profesional responsable del presupuesto.
A12: SALARIO MÍNIMO MENSUAL VIGENTE: | B12: 1300000
A13: AUXILIO DE TRANSPORTE VIGENTE: | B13: 162000
A14: EXONERADO ART 114-1 ET PARA LA OBRA: | B14: SI | C14: Elegir de las listas desplegables (Ver artículo 114-1 del Estatuto Tributario. Cabe aclarar que, al momento de proyectar los documentos del proceso de selección, deberá incluirse el método o procedimiento mediante el cual la Administración se asegurará de que, si el contratista elegido es de naturaleza contraria a esta decisión, el equilibrio contractual se encuentre garantizado).
A15: EXONERADO ART 114-1 ET PARA LA INTERVENTORÍA | B15: SI
A16: NIVEL DE RIESGO ARL APLICABLE | B16: V | C16: Elegir de la lista desplegable (Ver Decreto 1607 de 2002 para asignación de Riesgo ARL Aplicable).
A17: % ARL | B17: =+IF(B16="I",0.522%,IF(B16="II",1.044%,IF(B16="III",2.436%,IF(B16="IV",4.35%,6.96%)))) -> 0.0696
A18: DURACIÓN ESTIMADA DE OBRA (MESES) | B18: 3 | C18: Digite la duración de la obra de acuerdo al cronograma
A19: DISTANCIA A SITIO DE BOTADA DE TIERRA (KM) | B19: 4 | C19: Digite la distancia al sitio de botada de tierra de acuerdo al certificado expedido por la entidad.
A20: DISTANCIA A SITIO DE BOTADA DE ESCOMBROS (KM) | B20: 4 | C20: Digite la distancia al sitio de botada de escombros de acuerdo al certificado expedido por la entidad.
A21: DISTANCIA A SITIO DE PROVISIÓN DE MATERIAL DE PLAYA (ARENILLON, PIEDRA RODADA DE RIO) (KM) | B21: 120 | C21: Digite la distancia al sitio de provisión de material de playa de acuerdo al certificado expedido por la entidad.
A22: DISTANCIA A SITIO DE PROVISIÓN DE MATERIAL DE PLAYA (TRITURADO) (KM) | B22: 120 | C22: Digite la distancia al sitio de provisión de material de playa de acuerdo al certificado expedido por la entidad.
A23: DISTANCIA A SITIO DE PROVISIÓN DE MATERIAL GRANULAR (KM) | B23: 120 | C23: Digite la distancia al sitio de provisión de material granular de acuerdo al certificado expedido por la entidad.
A24: DISTANCIA A SITIO DE PROVISIÓN DE INSUMOS GENERALES (KM) | B24: 180 | C24: Digite la distancia al sitio de provisión de insumos generales de acuerdo al certificado expedido por la entidad.
A25: DISTANCIA A SITIO DE PROVISIÓN DE ASFALTOS (KM) | B25: 175 | C25: Digite la distancia al sitio de provisión de asfaltos de acuerdo al certificado expedido por la entidad.
A26: PÓLIZA DE RCE EXIGIBLE A LA INTERVENTORÍA | B26: SI | C26: Elegir de la lista desplegable si se solicitará a la interventoría la póliza de responsabilidad civil extracontractual
A31: HADY LORENA VILLA CARVAJAL
A32: Secretaría de Planeación e Infraestructura
A46: Fecha de actualización: 22 de FEBRERO de 2021 | B46: Nota 1: El archivo contiene referencias circulares, por lo tanto se debe tener activo el calculo iterativo de las fórmulas

Sheet FICHA TECNICA
A1: DEPARTAMENTO DE ANTIOQUIA
A2: ='DATOS INICIALES'!B2 -> MUNICIPIO DE DABEIBA
A3: ='DATOS INICIALES'!B3 -> REPOSICIÓN, AMPLIACIÓN Y REPARACIÓN DE LUMINARIAS QUE HACEN PARTE DE LA RED DE ALUMBRADOPÚBLICO DEL PARQUE PRINCIPAL Y CORREGIMIENTO SAN JOSÉ DE URAMA DEL MUNICIPIO DE DABEIBA.
A7: ITEM | B7: ESPECIFICACIONES | D7: DESCRIPCIÓN | E7: UNIDAD | F7: CANTIDAD | G7: VR.UNITARIO | H7: VALOR TOTAL
B8: GENERAL | C8: PARTICULAR
A9: 1.1 | D9: SUMINISTRO, TRANSPORTE, DESMONTE, INSTALACION DE LAMPARAS MALAS Y REPOSICION Y DEMÁS ELEMENTOS PARA SU CORRECTO FUNCIONAMIENTO | E9: UND | F9: =IF(A9=0,"",IFERROR(VLOOKUP($A9,MEMORIAS,8,0),"")) -> 23
A10: 1.2 | D10: SUMINISTRO, TRANSPORTE, DESMONTE, INSTALACION DE BRAZO PARA LAMPARAS MALAS Y REPOSICION Y DEMÁS ELEMENTOS PARA SU CORRECTO FUNCIONAMIENTO | E10: UND | F10: =IF(A10=0,"",IFERROR(VLOOKUP($A10,MEMORIAS,8,0),"")) -> 21
A11: 1.3 | D11: SUNINISTRO, TRANSPORTE E INSTALACION DE ENCAUCHETADO 3X12 Y DEMÁS ELEMENTOS PARA SU CORRECTO FUNCIONAMIENTO | E11: M | F11: =IF(A11=0,"",IFERROR(VLOOKUP($A11,MEMORIAS,8,0),"")) -> 69
A12: 1.4 | D12: SUMINISTRO, TRANSPORTE, INSTALACION CONECTOR TIPO RESORTE CAPUCHA Y DEMÁS ELEMENTOS PARA SU CORRECTO FUNCIONAMIENTO | E12: UND | F12: =IF(A12=0,"",IFERROR(VLOOKUP($A12,MEMORIAS,8,0),"")) -> 69
A13: 1.5 | D13: SUMINISTRO, TRANSPORTE, INSTALACION ESPACIADORES 8´´ Y DEMÁS ELEMENTOS PARA SU CORRECTO FUNCIONAMIENTO | E13: UND | F13: =IF(A13=0,"",IFERROR(VLOOKUP($A13,MEMORIAS,8,0),"")) -> 21
A14: 1.6 | D14: SUMINISTROS, TRANSPORTE E INSTALACION DE FOTOCELDAS CON SU RESPECTIVA BASE Y DEMAS ELEMENTOS DE FIJACION | E14: UND | F14: =IF(A14=0,"",IFERROR(VLOOKUP($A14,MEMORIAS,8,0),"")) -> 22
A15: 1.7 | D15: SUMINISTRO, TRANSPORTE E INSTALACION DE CINTA BANDY, EVILLAS Y DEMAS ELEMENTOS DE FIJACION | E15: M | F15: =IF(A15=0,"",IFERROR(VLOOKUP($A15,MEMORIAS,8,0),"")) -> 23
E16: SUBTOTAL | H16: =IF(SUM(H9:H15)=0,"",SUM(H9:H15))
A17: SUBTOTAL COSTOS DIRECTOS | H17: =H16
A18: %ADMINISTRACIÓN | H18: =IFERROR($H$17*G18,"")
A19: %UTILIDADES | H19: =IFERROR($H$17*G19,"")
A20: VALOR TOTAL DE LA OBRA

Sheet PRESUPUESTO
A1: DEPARTAMENTO DE ANTIOQUIA
A2: ='DATOS INICIALES'!B2 -> MUNICIPIO DE DABEIBA
A3: ='DATOS INICIALES'!B3 -> REPOSICIÓN, AMPLIACIÓN Y REPARACIÓN DE LUMINARIAS QUE HACEN PARTE DE LA RED DE ALUMBRADOPÚBLICO DEL PARQUE PRINCIPAL Y CORREGIMIENTO SAN JOSÉ DE URAMA DEL MUNICIPIO DE DABEIBA.
A5: PRESUPUESTO GENERAL
A7: ITEM | B7: ESPECIFICACIONES | D7: DESCRIPCIÓN | E7: UNIDAD | F7: CANTIDAD | G7: VR.UNITARIO | H7: VALOR TOTAL
B8: GENERAL | C8: PARTICULAR
A9: 1.1 | D9: SUMINISTRO, TRANSPORTE, DESMONTE, INSTALACION DE LAMPARAS MALAS Y REPOSICION Y DEMÁS ELEMENTOS PARA SU CORRECTO FUNCIONAMIENTO | E9: UND | F9: =IF(A9=0,"",IFERROR(VLOOKUP($A9,MEMORIAS,8,0),"")) -> 23 | G9: =IF(A9=0,"",IFERROR(VLOOKUP($A9,APU,7,0),"")) -> 762420 | H9: =F9*G9 -> 17535660
A10: 1.2 | D10: SUMINISTRO, TRANSPORTE, DESMONTE, INSTALACION DE BRAZO PARA LAMPARAS MALAS Y REPOSICION Y DEMÁS ELEMENTOS PARA SU CORRECTO FUNCIONAMIENTO | E10: UND | F10: =IF(A10=0,"",IFERROR(VLOOKUP($A10,MEMORIAS,8,0),"")) -> 21 | G10: =IF(A10=0,"",IFERROR(VLOOKUP($A10,APU,7,0),"")) -> 308834 | H10: =F10*G10 -> 6485514
A11: 1.3 | D11: SUNINISTRO, TRANSPORTE E INSTALACION DE ENCAUCHETADO 3X12 Y DEMÁS ELEMENTOS PARA SU CORRECTO FUNCIONAMIENTO | E11: M | F11: =IF(A11=0,"",IFERROR(VLOOKUP($A11,MEMORIAS,8,0),"")) -> 69 | G11: =IF(A11=0,"",IFERROR(VLOOKUP($A11,APU,7,0),"")) -> 19071 | H11: =F11*G11 -> 1315899
A12: 1.4 | D12: SUMINISTRO, TRANSPORTE, INSTALACION CONECTOR TIPO RESORTE CAPUCHA Y DEMÁS ELEMENTOS PARA SU CORRECTO FUNCIONAMIENTO | E12: UND | F12: =IF(A12=0,"",IFERROR(VLOOKUP($A12,MEMORIAS,8,0),"")) -> 69 | G12: =IF(A12=0,"",IFERROR(VLOOKUP($A12,APU,7,0),"")) -> 940 | H12: =F12*G12 -> 64860
A13: 1.5 | D13: SUMINISTRO, TRANSPORTE, INSTALACION ESPACIADORES 8´´ Y DEMÁS ELEMENTOS PARA SU CORRECTO FUNCIONAMIENTO | E13: UND | F13: =IF(A13=0,"",IFERROR(VLOOKUP($A13,MEMORIAS,8,0),"")) -> 21 | G13: =IF(A13=0,"",IFERROR(VLOOKUP($A13,APU,7,0),"")) -> 21710 | H13: =F13*G13 -> 455910
A14: 1.6 | D14: SUMINISTROS, TRANSPORTE E INSTALACION DE FOTOCELDAS CON SU RESPECTIVA BASE Y DEMAS ELEMENTOS DE FIJACION | E14: UND | F14: =IF(A14=0,"",IFERROR(VLOOKUP($A14,MEMORIAS,8,0),"")) -> 22 | G14: =IF(A14=0,"",IFERROR(VLOOKUP($A14,APU,7,0),"")) -> 108907 | H14: =F14*G14 -> 2395954
A15: 1.7 | D15: SUMINISTRO, TRANSPORTE E INSTALACION DE CINTA BANDY, EVILLAS Y DEMAS ELEMENTOS DE FIJACION | E15: M | F15: =IF(A15=0,"",IFERROR(VLOOKUP($A15,MEMORIAS,8,0),"")) -> 23 | G15: =IF(A15=0,"",IFERROR(VLOOKUP($A15,APU,7,0),"")) -> 8385 | H15: =F15*G15 -> 192855
E16: SUBTOTAL | H16: =IF(SUM(H9:H15)=0,"",SUM(H9:H15)) -> 28446652
A17: SUBTOTAL COSTOS DIRECTOS | H17: =H16 -> 28446652
A18: %ADMINISTRACIÓN | G18: =AU!I36 -> 0.191 | H18: =IFERROR($H$17*G18,"") -> 5433310.5
A19: %UTILIDADES | G19: =AU!I37 -> 0.05131865 | H19: =IFERROR($H$17*G19,"") -> 1459843.8
A20: VALOR TOTAL DE LA OBRA | H20: =$H$17+$H$18+$H$19 -> 35339806
A21: %HONORARIOS EDU | G21: 0.03 | H21: =H20*G21 -> 1060194.2
A22: VALOR TOTAL DE LA OBRA | H22: =SUM(H20:H21) -> 36400000
A24: DIONISIO NAVARRO CASTAÑEDA
A25: Profesional Universitario
A26: M.P A08092009-72280770

Sheet MEMORIAS
A1: ='DATOS INICIALES'!$B$1 -> DEPARTAMENTO DE ANTIOQUIA
A2: ='DATOS INICIALES'!$B$2 -> MUNICIPIO DE DABEIBA
A3: ='DATOS INICIALES'!$B$3 -> REPOSICIÓN, AMPLIACIÓN Y REPARACIÓN DE LUMINARIAS QUE HACEN PARTE DE LA RED DE ALUMBRADOPÚBLICO DEL PARQUE PRINCIPAL Y CORREGIMIENTO SAN JOSÉ DE URAMA DEL MUNICIPIO DE DABEIBA.
A5: MEMORIA DE CANTIDADES
A7: ITEM | B7: DESCRIPCIÓN | G7: UNIDAD | H7: CANTIDAD
A8: 1.1 | B8: =IFERROR(VLOOKUP($A8,PRESUPUESTO!$A$7:$E$15,4,0),"") -> SUMINISTRO, TRANSPORTE, DESMONTE, INSTALACION DE LAMPARAS MALAS Y REPOSICION Y DEMÁS ELEMENTOS PARA SU CORRECTO FUNCIONAMIENTO | G8: =+IFERROR(VLOOKUP($A8,PRESUPUESTO!A7:E15,5,0),"") -> UND | H8: =+H13 -> 23
A10: DETALLE | C10: FACTOR | D10: CANTIDAD | E10: A (ML) | F10: B(M2) | G10: C(M3) | H10: TOTAL
A11: 1 | B11: PARQUE PRINCIPAL | C11: 1 | D11: 4 | H11: =+IF(A11=0,"",IF(AND(E11=0,F11=0,G11=0),C11*D11,IF(AND(F11=0,G11=0),C11*D11*E11,IF(G11=0,C11*D11*E11*F11,C11*D11*E11*F11*G11)))) -> 4
A12: 2 | B12: CORREGIMIENTO URAMA | C12: 1 | D12: 19 | H12: =+IF(A12=0,"",IF(AND(E12=0,F12=0,G12=0),C12*D12,IF(AND(F12=0,G12=0),C12*D12*E12,IF(G12=0,C12*D12*E12*F12,C12*D12*E12*F12*G12)))) -> 19
A13: =+"TOTAL CANTIDAD ITEM "&A9 -> TOTAL CANTIDAD ITEM | H13: =IFERROR(ROUND(IF(SUM(H11:H12)=0,"",SUM(H11:H12)),0),"") -> 23
A16: ='DATOS INICIALES'!$B$1 -> DEPARTAMENTO DE ANTIOQUIA
A17: ='DATOS INICIALES'!$B$2 -> MUNICIPIO DE DABEIBA
A18: ='DATOS INICIALES'!$B$3 -> REPOSICIÓN, AMPLIACIÓN Y REPARACIÓN DE LUMINARIAS QUE HACEN PARTE DE LA RED DE ALUMBRADOPÚBLICO DEL PARQUE PRINCIPAL Y CORREGIMIENTO SAN JOSÉ DE URAMA DEL MUNICIPIO DE DABEIBA.
A20: MEMORIA DE CANTIDADES
A22: ITEM | B22: DESCRIPCIÓN | G22: UNIDAD | H22: CANTIDAD
A23: 1.2 | B23: =IFERROR(VLOOKUP($A23,PRESUPUESTO!$A$7:$E$15,4,0),"") -> SUMINISTRO, TRANSPORTE, DESMONTE, INSTALACION DE BRAZO PARA LAMPARAS MALAS Y REPOSICION Y DEMÁS ELEMENTOS PARA SU CORRECTO FUNCIONAMIENTO | G23: =+IFERROR(VLOOKUP($A23,PRESUPUESTO!$A$7:$F$15,5,0),"") -> UND | H23: =+H28 -> 21
A25: DETALLE | C25: FACTOR | D25: CANTIDAD | E25: A (ML) | F25: B(M2) | G25: C(M3) | H25: TOTAL
A26: 1 | B26: PARQUE PRINCIPAL | C26: 1 | D26: 2 | H26: =+IF(A26=0,"",IF(AND(E26=0,F26=0,G26=0),C26*D26,IF(AND(F26=0,G26=0),C26*D26*E26,IF(G26=0,C26*D26*E26*F26,C26*D26*E26*F26*G26)))) -> 2
A27: 2 | B27: CORREGIMIENTO URAMA | C27: 1 | D27: 19 | H27: =+IF(A27=0,"",IF(AND(E27=0,F27=0,G27=0),C27*D27,IF(AND(F27=0,G27=0),C27*D27*E27,IF(G27=0,C27*D27*E27*F27,C27*D27*E27*F27*G27)))) -> 19
A28: =+"TOTAL CANTIDAD ITEM "&A24 -> TOTAL CANTIDAD ITEM | H28: =IFERROR(ROUND(IF(SUM(H26:H27)=0,"",SUM(H26:H27)),0),"") -> 21
A31: ='DATOS INICIALES'!$B$1 -> DEPARTAMENTO DE ANTIOQUIA
A32: ='DATOS INICIALES'!$B$2 -> MUNICIPIO DE DABEIBA
A33: ='DATOS INICIALES'!$B$3 -> REPOSICIÓN, AMPLIACIÓN Y REPARACIÓN DE LUMINARIAS QUE HACEN PARTE DE LA RED DE ALUMBRADOPÚBLICO DEL PARQUE PRINCIPAL Y CORREGIMIENTO SAN JOSÉ DE URAMA DEL MUNICIPIO DE DABEIBA.
A35: MEMORIA DE CANTIDADES
A37: ITEM | B37: DESCRIPCIÓN | G37: UNIDAD | H37: CANTIDAD
A38: 1.3 | B38: =IFERROR(VLOOKUP($A38,PRESUPUESTO!$A$7:$E$15,4,0),"") -> SUNINISTRO, TRANSPORTE E INSTALACION DE ENCAUCHETADO 3X12 Y DEMÁS ELEMENTOS PARA SU CORRECTO FUNCIONAMIENTO | G38: =+IFERROR(VLOOKUP($A38,PRESUPUESTO!$A$7:$F$15,5,0),"") -> M | H38: =+H43 -> 69
A40: DETALLE | C40: FACTOR | D40: CANTIDAD | E40: A (ML) | F40: B(M2) | G40: C(M3) | H40: TOTAL
A41: 1 | B41: PARQUE PRINCIPAL | C41: 1 | D41: 4 | E41: 3 | H41: =+IF(A41=0,"",IF(AND(E41=0,F41=0,G41=0),C41*D41,IF(AND(F41=0,G41=0),C41*D41*E41,IF(G41=0,C41*D41*E41*F41,C41*D41*E41*F41*G41)))) -> 12
A42: 2 | B42: CORREGIMIENTO URAMA | C42: 1 | D42: 19 | E42: 3 | H42: =+IF(A42=0,"",IF(AND(E42=0,F42=0,G42=0),C42*D42,IF(AND(F42=0,G42=0),C42*D42*E42,IF(G42=0,C42*D42*E42*F42,C42*D42*E42*F42*G42)))) -> 57
A43: =+"TOTAL CANTIDAD ITEM "&A39 -> TOTAL CANTIDAD ITEM | H43: =IFERROR(ROUND(IF(SUM(H41:H42)=0,"",SUM(H41:H42)),0),"") -> 69
A46: ='DATOS INICIALES'!$B$1 -> DEPARTAMENTO DE ANTIOQUIA
A47: ='DATOS INICIALES'!$B$2 -> MUNICIPIO DE DABEIBA
A48: ='DATOS INICIALES'!$B$3 -> REPOSICIÓN, AMPLIACIÓN Y REPARACIÓN DE LUMINARIAS QUE HACEN PARTE DE LA RED DE ALUMBRADOPÚBLICO DEL PARQUE PRINCIPAL Y CORREGIMIENTO SAN JOSÉ DE URAMA DEL MUNICIPIO DE DABEIBA.
A50: MEMORIA DE CANTIDADES
A52: ITEM | B52: DESCRIPCIÓN | G52: UNIDAD | H52: CANTIDAD
A53: 1.4 | B53: =IFERROR(VLOOKUP($A53,PRESUPUESTO!$A$7:$E$15,4,0),"") -> SUMINISTRO, TRANSPORTE, INSTALACION CONECTOR TIPO RESORTE CAPUCHA Y DEMÁS ELEMENTOS PARA SU CORRECTO FUNCIONAMIENTO | G53: =+IFERROR(VLOOKUP($A53,PRESUPUESTO!$A$7:$F$15,5,0),"") -> UND | H53: =+H58 -> 69
A55: DETALLE | C55: FACTOR | D55: CANTIDAD | E55: A (ML) | F55: B(M2) | G55: C(M3) | H55: TOTAL
A56: 1 | B56: PARQUE PRINCIPAL | C56: 3 | D56: 4 | H56: =+IF(A56=0,"",IF(AND(E56=0,F56=0,G56=0),C56*D56,IF(AND(F56=0,G56=0),C56*D56*E56,IF(G56=0,C56*D56*E56*F56,C56*D56*E56*F56*G56)))) -> 12
A57: 2 | B57: CORREGIMIENTO URAMA | C57: 3 | D57: 19 | H57: =+IF(A57=0,"",IF(AND(E57=0,F57=0,G57=0),C57*D57,IF(AND(F57=0,G57=0),C57*D57*E57,IF(G57=0,C57*D57*E57*F57,C57*D57*E57*F57*G57)))) -> 57
A58: =+"TOTAL CANTIDAD ITEM "&A54 -> TOTAL CANTIDAD ITEM | H58: =IFERROR(ROUND(IF(SUM(H56:H57)=0,"",SUM(H56:H57)),0),"") -> 69
A60: ='DATOS INICIALES'!$B$1 -> DEPARTAMENTO DE ANTIOQUIA
A61: ='DATOS INICIALES'!$B$2 -> MUNICIPIO DE DABEIBA
A62: ='DATOS INICIALES'!$B$3 -> REPOSICIÓN, AMPLIACIÓN Y REPARACIÓN DE LUMINARIAS QUE HACEN PARTE DE LA RED DE ALUMBRADOPÚBLICO DEL PARQUE PRINCIPAL Y CORREGIMIENTO SAN JOSÉ DE URAMA DEL MUNICIPIO DE DABEIBA.
A64: MEMORIA DE CANTIDADES
A66: ITEM | B66: DESCRIPCIÓN | G66: UNIDAD | H66: CANTIDAD
A67: 1.5 | B67: =IFERROR(VLOOKUP($A67,PRESUPUESTO!$A$7:$E$15,4,0),"") -> SUMINISTRO, TRANSPORTE, INSTALACION ESPACIADORES 8´´ Y DEMÁS ELEMENTOS PARA SU CORRECTO FUNCIONAMIENTO | G67: =+IFERROR(VLOOKUP($A67,PRESUPUESTO!$A$7:$F$15,5,0),"") -> UND | H67: =+H72 -> 21
A69: DETALLE | C69: FACTOR | D69: CANTIDAD | E69: A (ML) | F69: B(M2) | G69: C(M3) | H69: TOTAL
A70: 1 | B70: PARQUE PRINCIPAL | C70: 1 | D70: 3 | H70: =+IF(A70=0,"",IF(AND(E70=0,F70=0,G70=0),C70*D70,IF(AND(F70=0,G70=0),C70*D70*E70,IF(G70=0,C70*D70*E70*F70,C70*D70*E70*F70*G70)))) -> 3
A71: 2 | B71: CORREGIMIENTO URAMA | C71: 1 | D71: 18 | H71: =+IF(A71=0,"",IF(AND(E71=0,F71=0,G71=0),C71*D71,IF(AND(F71=0,G71=0),C71*D71*E71,IF(G71=0,C71*D71*E71*F71,C71*D71*E71*F71*G71)))) -> 18
A72: =+"TOTAL CANTIDAD ITEM "&A68 -> TOTAL CANTIDAD ITEM | H72: =IFERROR(ROUND(IF(SUM(H70:H71)=0,"",SUM(H70:H71)),0),"") -> 21
A74: ='DATOS INICIALES'!$B$1 -> DEPARTAMENTO DE ANTIOQUIA
A75: ='DATOS INICIALES'!$B$2 -> MUNICIPIO DE DABEIBA
A76: ='DATOS INICIALES'!$B$3 -> REPOSICIÓN, AMPLIACIÓN Y REPARACIÓN DE LUMINARIAS QUE HACEN PARTE DE LA RED DE ALUMBRADOPÚBLICO DEL PARQUE PRINCIPAL Y CORREGIMIENTO SAN JOSÉ DE URAMA DEL MUNICIPIO DE DABEIBA.
A78: MEMORIA DE CANTIDADES
A80: ITEM | B80: DESCRIPCIÓN | G80: UNIDAD | H80: CANTIDAD
A81: 1.6 | B81: =IFERROR(VLOOKUP($A81,PRESUPUESTO!$A$7:$E$15,4,0),"") -> SUMINISTROS, TRANSPORTE E INSTALACION DE FOTOCELDAS CON SU RESPECTIVA BASE Y DEMAS ELEMENTOS DE FIJACION | G81: =+IFERROR(VLOOKUP($A81,PRESUPUESTO!$A$7:$F$15,5,0),"") -> UND | H81: =+H86 -> 22
A83: DETALLE | C83: FACTOR | D83: CANTIDAD | E83: A (ML) | F83: B(M2) | G83: C(M3) | H83: TOTAL
A84: 1 | B84: PARQUE PRINCIPAL | C84: 1 | D84: 3 | H84: =+IF(A84=0,"",IF(AND(E84=0,F84=0,G84=0),C84*D84,IF(AND(F84=0,G84=0),C84*D84*E84,IF(G84=0,C84*D84*E84*F84,C84*D84*E84*F84*G84)))) -> 3
A85: 2 | B85: CORREGIMIENTO URAMA | C85: 1 | D85: 19 | H85: =+IF(A85=0,"",IF(AND(E85=0,F85=0,G85=0),C85*D85,IF(AND(F85=0,G85=0),C85*D85*E85,IF(G85=0,C85*D85*E85*F85,C85*D85*E85*F85*G85)))) -> 19
A86: =+"TOTAL CANTIDAD ITEM "&A82 -> TOTAL CANTIDAD ITEM | H86: =IFERROR(ROUND(IF(SUM(H84:H85)=0,"",SUM(H84:H85)),0),"") -> 22
A88: ='DATOS INICIALES'!$B$1 -> DEPARTAMENTO DE ANTIOQUIA
A89: ='DATOS INICIALES'!$B$2 -> MUNICIPIO DE DABEIBA
A90: ='DATOS INICIALES'!$B$3 -> REPOSICIÓN, AMPLIACIÓN Y REPARACIÓN DE LUMINARIAS QUE HACEN PARTE DE LA RED DE ALUMBRADOPÚBLICO DEL PARQUE PRINCIPAL Y CORREGIMIENTO SAN JOSÉ DE URAMA DEL MUNICIPIO DE DABEIBA.
A92: MEMORIA DE CANTIDADES
A94: ITEM | B94: DESCRIPCIÓN | G94: UNIDAD | H94: CANTIDAD
A95: 1.7 | B95: =IFERROR(VLOOKUP($A95,PRESUPUESTO!$A$7:$E$15,4,0),"") -> SUMINISTRO, TRANSPORTE E INSTALACION DE CINTA BANDY, EVILLAS Y DEMAS ELEMENTOS DE FIJACION | G95: =+IFERROR(VLOOKUP($A95,PRESUPUESTO!$A$7:$F$15,5,0),"") -> M | H95: =+H100 -> 23
A97: DETALLE | C97: FACTOR | D97: CANTIDAD | E97: A (ML) | F97: B(M2) | G97: C(M3) | H97: TOTAL
A98: 1 | B98: PARQUE PRINCIPAL | C98: 1 | D98: 4 | H98: =+IF(A98=0,"",IF(AND(E98=0,F98=0,G98=0),C98*D98,IF(AND(F98=0,G98=0),C98*D98*E98,IF(G98=0,C98*D98*E98*F98,C98*D98*E98*F98*G98)))) -> 4
A99: 2 | B99: CORREGIMIENTO URAMA | C99: 1 | D99: 19 | H99: =+IF(A99=0,"",IF(AND(E99=0,F99=0,G99=0),C99*D99,IF(AND(F99=0,G99=0),C99*D99*E99,IF(G99=0,C99*D99*E99*F99,C99*D99*E99*F99*G99)))) -> 19
A100: =+"TOTAL CANTIDAD ITEM "&A96 -> TOTAL CANTIDAD ITEM | H100: =IFERROR(ROUND(IF(SUM(H98:H99)=0,"",SUM(H98:H99)),0),"") -> 23
A102: ='DATOS INICIALES'!$B$1 -> DEPARTAMENTO DE ANTIOQUIA
A103: ='DATOS INICIALES'!$B$2 -> MUNICIPIO DE DABEIBA
A104: ='DATOS INICIALES'!$B$3 -> REPOSICIÓN, AMPLIACIÓN Y REPARACIÓN DE LUMINARIAS QUE HACEN PARTE DE LA RED DE ALUMBRADOPÚBLICO DEL PARQUE PRINCIPAL Y CORREGIMIENTO SAN JOSÉ DE URAMA DEL MUNICIPIO DE DABEIBA.
A106: MEMORIA DE CANTIDADES
A108: ITEM | B108: DESCRIPCIÓN | G108: UNIDAD | H108: CANTIDAD
A109: 1.8 | B109: =IFERROR(VLOOKUP($A109,PRESUPUESTO!$A$7:$E$15,4,0),"") | G109: =+IFERROR(VLOOKUP($A109,PRESUPUESTO!$A$7:$F$15,5,0),"") | H109: =$H$114 -> 0.4
A111: DETALLE | C111: FACTOR | D111: CANTIDAD | E111: A (ML) | F111: B(M2) | G111: C(M3) | H111: TOTAL
A112: 22 | B112: =VLOOKUP(A112,$K$2:$L$24,2,FALSE) -> #N/A | C112: 1 | D112: 1 | E112: 0.25 | F112: 1.6 | H112: =+IF(A112=0,"",IF(AND(E112=0,F112=0,G112=0),C112*D112,IF(AND(F112=0,G112=0),C112*D112*E112,IF(G112=0,C112*D112*E112*F112,C112*D112*E112*F112*G112)))) -> 0.4
H113: =+IF(A113=0,"",IF(AND(E113=0,F113=0,G113=0),C113*D113,IF(AND(F113=0,G113=0),C113*D113*E113,IF(G113=0,C113*D113*E113*F113,C113*D113*E113*F113*G113))))
A114: =+"TOTAL CANTIDAD ITEM "&A110 -> TOTAL CANTIDAD ITEM | H114: =H112 -> 0.4
B117: DIONISIO NAVARRO CASTAÑEDA
B118: Profesional Universitario
B119: M.P A08092009-72280770

Sheet APU
A1: ='DATOS INICIALES'!$B$1 -> DEPARTAMENTO DE ANTIOQUIA
A2: ='DATOS INICIALES'!$B$2 -> MUNICIPIO DE DABEIBA
A3: ='DATOS INICIALES'!$B$3 -> REPOSICIÓN, AMPLIACIÓN Y REPARACIÓN DE LUMINARIAS QUE HACEN PARTE DE LA RED DE ALUMBRADOPÚBLICO DEL PARQUE PRINCIPAL Y CORREGIMIENTO SAN JOSÉ DE URAMA DEL MUNICIPIO DE DABEIBA.
A5: ANÁLISIS DE PRECIOS UNITARIOS
A7: ITEM | B7: DESCRIPCIÓN | E7: UNIDAD | F7: CANTIDAD | G7: COSTO DIRECTO
A8: 1.1 | B8: =+IFERROR(VLOOKUP($A8,PRESUPUESTO!$A$7:$E$15,4,0),"") -> SUMINISTRO, TRANSPORTE, DESMONTE, INSTALACION DE LAMPARAS MALAS Y REPOSICION Y DEMÁS ELEMENTOS PARA SU CORRECTO FUNCIONAMIENTO | E8: =+IFERROR(VLOOKUP($A8,PRESUPUESTO!$A$7:$E$15,5,0),"") -> UND | F8: =+IFERROR(VLOOKUP($A8,PRESUPUESTO!$A$7:$F$15,6,0),"") -> 23 | G8: =IF(G56=0,"",G47) -> 762420
A10: 1. COSTOS DIRECTOS
A12: I. EQUIPO
A13: CÓDIGO | B13: DESCRIPCIÓN | D13: UNIDAD | E13: TARIFA | F13: RENDIMIENTO | G13: VR. UNITARIO
A14: =IF(B14="","",INDEX(CODIGOEQUIPOS,MATCH($B14,'INSUMOS EQUIPOS'!$B$7:$B$39,0))) -> EQ014 | B14: TALADRO ROTOPERCUTOR | D14: =IF(B14="","",(VLOOKUP($A14,INSUMOSEQUIPOS,3,0))) -> DIA | E14: =IF(B14="","",(VLOOKUP($A14,INSUMOSEQUIPOS,4,0))) -> 35000 | F14: 3.6 | G14: =+IFERROR(E14/F14,"") -> 9722.2222
A15: =IF(B15="","",INDEX(CODIGOEQUIPOS,MATCH($B15,'INSUMOS EQUIPOS'!$B$7:$B$39,0))) -> EQ015 | B15: CUERPO DE ANDAMIOS CERTIFICADOS H=1M | D15: =IF(B15="","",(VLOOKUP($A15,INSUMOSEQUIPOS,3,0))) -> DIA | E15: =IF(B15="","",(VLOOKUP($A15,INSUMOSEQUIPOS,4,0))) -> 23000 | F15: 3.6 | G15: =+IFERROR(E15/F15,"") -> 6388.8889
A16: =IF(B16="","",INDEX(CODIGOEQUIPOS,MATCH($B16,'INSUMOS EQUIPOS'!$B$7:$B$39,0))) -> EQ016 | B16: CAMIONETA 4X4 PARA MOVILIZACION DE CUADRILLA | D16: =IF(B16="","",(VLOOKUP($A16,INSUMOSEQUIPOS,3,0))) -> DIA | E16: =IF(B16="","",(VLOOKUP($A16,INSUMOSEQUIPOS,4,0))) -> 280000 | F16: 3.6 | G16: =+IFERROR(E16/F16,"") -> 77777.778
A17: =IF(B17="","",INDEX(CODIGOEQUIPOS,MATCH($B17,'INSUMOS EQUIPOS'!$B$7:$B$39,0))) -> EQ017 | B17: PULIDORA MANUAL 4 1/2" 11KRPM | D17: =IF(B17="","",(VLOOKUP($A17,INSUMOSEQUIPOS,3,0))) -> DIA | E17: =IF(B17="","",(VLOOKUP($A17,INSUMOSEQUIPOS,4,0))) -> 22000 | F17: 3.6 | G17: =+IFERROR(E17/F17,"") -> 6111.1111
B18: HERRAMIENTA MENOR (10% DE LA MANO DE OBRA) | D18: % | E18: =$G$39 -> 156384.44 | F18: 0.1 | G18: =+IFERROR(E18*F18,"") -> 15638.444
F19: SUBTOTAL | G19: =+IF(SUM(G14:G18)=0,"",SUM(G14:G18)) -> 115638.44
A21: II. MATERIALES
A22: CÓDIGO | B22: DESCRIPCIÓN | C22: UN | D22: CANT | E22: DESP. | F22: PRECIO UNIT. | G22: VR. UNITARIO
A23: =IF(B23="","",INDEX(CODIGOMATERIALES,MATCH($B23,'INSUMOS MATERIALES'!$B$7:$B$51,0))) -> MA020 | B23: LUMINARIA ALUMBRADO PUBLICO DXPRO 60W 120-240V 150LM/W | C23: =IF(B23="","",(VLOOKUP($A23,INSUMOSMATERIALES,3,0))) -> UN | D23: 1 | E23: 0 | F23: =IF(B23="","",(VLOOKUP($A23,INSUMOSMATERIALES,4,0))) -> 389630 | G23: =+IFERROR(F23*D23*(1+E23),"") -> 389630
A24: =IF(B24="","",INDEX(CODIGOMATERIALES,MATCH($B24,'INSUMOS MATERIALES'!$B$7:$B$51,0))) -> MA021 | B24: CABLE ENCAUCHETADO 3X12 AWG | C24: =IF(B24="","",(VLOOKUP($A24,INSUMOSMATERIALES,3,0))) -> M | D24: 3 | E24: 0.04 | F24: =IF(B24="","",(VLOOKUP($A24,INSUMOSMATERIALES,4,0))) -> 10860 | G24: =+IFERROR(F24*D24*(1+E24),"") -> 33883.2
A25: =IF(B25="","",INDEX(CODIGOMATERIALES,MATCH($B25,'INSUMOS MATERIALES'!$B$7:$B$51,0))) -> MA022 | B25: CINTA AISLANTE SUPER SCOTCH 33 | C25: =IF(B25="","",(VLOOKUP($A25,INSUMOSMATERIALES,3,0))) -> UN | D25: 0.04 | E25: 0 | F25: =IF(B25="","",(VLOOKUP($A25,INSUMOSMATERIALES,4,0))) -> 27300 | G25: =+IFERROR(F25*D25*(1+E25),"") -> 1092
A26: =IF(B26="","",INDEX(CODIGOMATERIALES,MATCH($B26,'INSUMOS MATERIALES'!$B$7:$B$51,0))) -> MA023 | B26: DISCO CORTE METAL | C26: =IF(B26="","",(VLOOKUP($A26,INSUMOSMATERIALES,3,0))) -> UN | D26: 0.04 | E26: 0 | F26: =IF(B26="","",(VLOOKUP($A26,INSUMOSMATERIALES,4,0))) -> 6800 | G26: =+IFERROR(F26*D26*(1+E26),"") -> 272
F27: SUBTOTAL | G27: =+IF(SUM(G23:G26)=0,"",SUM(G23:G26)) -> 424877.2
A29: III. TRANSPORTES
A30: CÓDIGO | B30: DESCRIPCIÓN | C30: TIPO | D30: VOLUMEN/PESO | E30: DISTANCIA | F30: TARIFA | G30: VR. UNITARIO
A31: =IF(B31="","",INDEX(CODIGOTRANSPORTES,MATCH(B31,'INSUMOS TRANSPORTES'!$B$7:$B$13,0))) -> TR001 | B31: TRANSPORTE DE INSUMOS GENERALES 151-310 KM | C31: INSUMOS | D31: 0.65 | E31: =+IF(C31=0,"",IF(C31="INSUMOS",'DATOS INICIALES'!$B$24,IF(C31="PLAYA",'DATOS INICIALES'!$B$21,IF(C31="TIERRA",'DATOS INICIALES'!$B$19,IF(C31="ESCOMBROS",'DATOS INICIALES'!$B$20,IF(C31="ASFALTO",'DATOS INICIALES'!$B$25,IF(C31="GRANULAR",'DATOS INICIALES'!B111))))))) -> 180 | F31: =+IF(B31="","",(VLOOKUP($A31,INSUMOSTRANSPORTES,4,0))) -> 560 | G31: =+IFERROR(D31*E31*F31,"") -> 65520
F32: SUBTOTAL | G32: =+IF(SUM(G31:G31)=0,"",SUM(G31:G31)) -> 65520
A34: IV. MANO DE OBRA
A35: CÓDIGO | B35: CARGOS PERSONAL | D35: CANTIDAD | E35: JORNAL TOTAL | F35: RENDIMIENTO | G35: VR. UNITARIO
A36: =IF(B36="","",INDEX(CODIGOSMANODEOBRA,MATCH($B36,'INSUMOS MANO DE OBRA'!$B$7:$B$61,0))) -> MO019 | B36: MAESTRO PRIMERO | D36: 1 | E36: =IF(B36="","",(VLOOKUP($A36,INSUMOSMANODEOBRA,8,0))) -> 194075 | F36: 3.6 | G36: =+IFERROR(D36*E36/F36,"") -> 53909.722
A37: =IF(B37="","",INDEX(CODIGOSMANODEOBRA,MATCH($B37,'INSUMOS MANO DE OBRA'!$B$7:$B$61,0))) -> MO021 | B37: OFICIAL ELÉCTRICO | D37: 1 | E37: =IF(B37="","",(VLOOKUP($A37,INSUMOSMANODEOBRA,8,0))) -> 179201 | F37: =$F$36 -> 3.6 | G37: =+IFERROR(D37*E37/F37,"") -> 49778.056
A38: =IF(B38="","",INDEX(CODIGOSMANODEOBRA,MATCH($B38,'INSUMOS MANO DE OBRA'!$B$7:$B$61,0))) -> MO022 | B38: AYUDANTE ELÉCTRICO | D38: 2 | E38: =IF(B38="","",(VLOOKUP($A38,INSUMOSMANODEOBRA,8,0))) -> 94854 | F38: =$F$36 -> 3.6 | G38: =+IFERROR(D38*E38/F38,"") -> 52696.667
F39: SUBTOTAL | G39: =+IF(SUM(G36:G38)=0,"",SUM(G36:G38)) -> 156384.44
A41: V. SERVICIOS
A42: CÓDIGO | B42: DESCRIPCIÓN | D42: UNIDAD | E42: CANTIDAD | F42: PRECIO UNIT. | G42: VR. UNITARIO
A43: =IF(B43="","",INDEX(CODIGOSSERVICIOS,MATCH($B43,'INSUMOS SERVICIOS'!$B$7:$B$21,0))) | D43: =+IF(B43="","",(VLOOKUP($A43,INSUMOSSERVICIOS,3,0))) | F43: =IF(B43="","",(VLOOKUP($A43,INSUMOSSERVICIOS,4,0))) | G43: =+IFERROR(E43*F43,"")
A44: =IF(B44="","",INDEX(CÓDIGOS_SERVICIOS,MATCH($B44,'[7]INSUMOS SERVICIOS'!$B$8:$B$51,0))) | D44: =+IF(B44="","",(VLOOKUP($A44,INSUMOS_SERVICIOS,3,0))) | F44: =IF(B44="","",(VLOOKUP($A44,INSUMOS_SERVICIOS,4,0))) | G44: =+IFERROR(E44*F44,"")
F45: SUBTOTAL | G45: =+IF(SUM(G43:G44)=0,"",SUM(G43:G44))
A47: TOTAL COSTO DIRECTO | G47: =IF(SUM(G19,G27,G32,G39,G45)=0,"",(ROUND(SUM(G19,G27,G32,G39,G45),0))) -> 762420
A49: 2. COSTOS INDIRECTOS
A51: DESCRIPCIÓN | F51: PORCENTAJE | G51: VALOR TOTAL
A52: ADMINISTRACION | F52: =AU!$I$36 -> 0.191 | G52: =+IFERROR(G47*F52,"") -> 145622.22
A53: UTILIDADES | F53: =IF(AU!$I$37=0,"",AU!$I$37) -> 0.05131865 | G53: =+IFERROR(G47*F53,"") -> 39126.365
A54: TOTAL COSTO INDIRECTO | F54: =IF(SUM(F52:F53)=0,"",SUM(F52:F53)) -> 0.24231865 | G54: =IF(SUM(G52:G53)=0,"",ROUND(SUM(G52:G53),0)) -> 184749
A56: PRECIO UNITARIO TOTAL APROXIMADO AL PESO | G56: =+IFERROR(ROUND(G47+G54,0),"") -> 947169
B58: DIONISIO NAVARRO CASTAÑEDA
B59: PROFESIONAL UNIVERSITARIO | D59: FIRMA RESPONSABLE
A61: ='DATOS INICIALES'!$B$1 -> DEPARTAMENTO DE ANTIOQUIA
A62: ='DATOS INICIALES'!$B$2 -> MUNICIPIO DE DABEIBA
A63: ='DATOS INICIALES'!$B$3 -> REPOSICIÓN, AMPLIACIÓN Y REPARACIÓN DE LUMINARIAS QUE HACEN PARTE DE LA RED DE ALUMBRADOPÚBLICO DEL PARQUE PRINCIPAL Y CORREGIMIENTO SAN JOSÉ DE URAMA DEL MUNICIPIO DE DABEIBA.
A65: ANÁLISIS DE PRECIOS UNITARIOS
A67: ITEM | B67: DESCRIPCIÓN | E67: UNIDAD | F67: CANTIDAD | G67: COSTO DIRECTO
A68: 1.2 | B68: =+IFERROR(VLOOKUP($A68,PRESUPUESTO!$A$7:$E$15,4,0),"") -> SUMINISTRO, TRANSPORTE, DESMONTE, INSTALACION DE BRAZO PARA LAMPARAS MALAS Y REPOSICION Y DEMÁS ELEMENTOS PARA SU CORRECTO FUNCIONAMIENTO | E68: =+IFERROR(VLOOKUP($A68,PRESUPUESTO!$A$7:$E$15,5,0),"") -> UND | F68: =+IFERROR(VLOOKUP($A68,PRESUPUESTO!$A$7:$F$15,6,0),"") -> 21 | G68: =IF(G115=0,"",G106) -> 308834
A70: 1. COSTOS DIRECTOS
A72: I. EQUIPO
A73: CÓDIGO | B73: DESCRIPCIÓN | D73: UNIDAD | E73: TARIFA | F73: RENDIMIENTO | G73: VR. UNITARIO
A74: =IF(B74="","",INDEX(CODIGOEQUIPOS,MATCH($B74,'INSUMOS EQUIPOS'!$B$7:$B$39,0))) -> EQ014 | B74: TALADRO ROTOPERCUTOR | D74: =IF(B74="","",(VLOOKUP($A74,INSUMOSEQUIPOS,3,0))) -> DIA | E74: =IF(B74="","",(VLOOKUP($A74,INSUMOSEQUIPOS,4,0))) -> 35000 | F74: 5.9 | G74: =+IFERROR(E74/F74,"") -> 5932.2034
A75: =IF(B75="","",INDEX(CODIGOEQUIPOS,MATCH($B75,'INSUMOS EQUIPOS'!$B$7:$B$39,0))) -> EQ015 | B75: CUERPO DE ANDAMIOS CERTIFICADOS H=1M | D75: =IF(B75="","",(VLOOKUP($A75,INSUMOSEQUIPOS,3,0))) -> DIA | E75: =IF(B75="","",(VLOOKUP($A75,INSUMOSEQUIPOS,4,0))) -> 23000 | F75: 5.9 | G75: =+IFERROR(E75/F75,"") -> 3898.3051
A76: =IF(B76="","",INDEX(CODIGOEQUIPOS,MATCH($B76,'INSUMOS EQUIPOS'!$B$7:$B$39,0))) -> EQ016 | B76: CAMIONETA 4X4 PARA MOVILIZACION DE CUADRILLA | D76: =IF(B76="","",(VLOOKUP($A76,INSUMOSEQUIPOS,3,0))) -> DIA | E76: =IF(B76="","",(VLOOKUP($A76,INSUMOSEQUIPOS,4,0))) -> 280000 | F76: 5.9 | G76: =+IFERROR(E76/F76,"") -> 47457.627
A77: =IF(B77="","",INDEX(CODIGOEQUIPOS,MATCH($B77,'INSUMOS EQUIPOS'!$B$7:$B$39,0))) -> EQ017 | B77: PULIDORA MANUAL 4 1/2" 11KRPM | D77: =IF(B77="","",(VLOOKUP($A77,INSUMOSEQUIPOS,3,0))) -> DIA | E77: =IF(B77="","",(VLOOKUP($A77,INSUMOSEQUIPOS,4,0))) -> 22000 | F77: 5.9 | G77: =+IFERROR(E77/F77,"") -> 3728.8136
B78: HERRAMIENTA MENOR (10% DE LA MANO DE OBRA) | D78: % | E78: =$G$98 -> 95421.017 | F78: 0.1 | G78: =+IFERROR(E78*F78,"") -> 9542.1017
F79: SUBTOTAL | G79: =+IF(SUM(G74:G78)=0,"",SUM(G74:G78)) -> 70559.051
A81: II. MATERIALES
A82: CÓDIGO | B82: DESCRIPCIÓN | C82: UN | D82: CANT | E82: DESP. | F82: PRECIO UNIT. | G82: VR. UNITARIO
A83: =IF(B83="","",INDEX(CODIGOMATERIALES,MATCH($B83,'INSUMOS MATERIALES'!$B$7:$B$51,0))) -> MA024 | B83: BRAZO GALVANIZADO ALUMBRADO PUBICO 1.5M X 1 1/4" | C83: =IF(B83="","",(VLOOKUP($A83,INSUMOSMATERIALES,3,0))) -> UN | D83: 1 | E83: 0 | F83: =IF(B83="","",(VLOOKUP($A83,INSUMOSMATERIALES,4,0))) -> 111250 | G83: =+IFERROR(F83*D83*(1+E83),"") -> 111250
A84: =IF(B84="","",INDEX(CODIGOMATERIALES,MATCH($B84,'INSUMOS MATERIALES'!$B$7:$B$52,0))) -> MA022 | B84: CINTA AISLANTE SUPER SCOTCH 33 | C84: =IF(B84="","",(VLOOKUP($A84,INSUMOSMATERIALES,3,0))) -> UN | D84: 0.04 | E84: 0 | F84: =IF(B84="","",(VLOOKUP($A84,INSUMOSMATERIALES,4,0))) -> 27300 | G84: =+IFERROR(F84*D84*(1+E84),"") -> 1092
A85: =IF(B85="","",INDEX(CODIGOMATERIALES,MATCH($B85,'INSUMOS MATERIALES'!$B$7:$B$52,0))) -> MA023 | B85: DISCO CORTE METAL | C85: =IF(B85="","",(VLOOKUP($A85,INSUMOSMATERIALES,3,0))) -> UN | D85: 0.04 | E85: 0 | F85: =IF(B85="","",(VLOOKUP($A85,INSUMOSMATERIALES,4,0))) -> 6800 | G85: =+IFERROR(F85*D85*(1+E85),"") -> 272
F86: SUBTOTAL | G86: =+IF(SUM(G83:G85)=0,"",SUM(G83:G85)) -> 112614
A88: III. TRANSPORTES
A89: CÓDIGO | B89: DESCRIPCIÓN | C89: TIPO | D89: VOLUMEN/PESO | E89: DISTANCIA | F89: TARIFA | G89: VR. UNITARIO
A90: =IF(B90="","",INDEX(CODIGOTRANSPORTES,MATCH(B90,'INSUMOS TRANSPORTES'!$B$7:$B$13,0))) -> TR001 | B90: TRANSPORTE DE INSUMOS GENERALES 151-310 KM | C90: INSUMOS | D90: 0.3 | E90: =+IF(C90=0,"",IF(C90="INSUMOS",'DATOS INICIALES'!$B$24,IF(C90="PLAYA",'DATOS INICIALES'!$B$21,IF(C90="TIERRA",'DATOS INICIALES'!$B$19,IF(C90="ESCOMBROS",'DATOS INICIALES'!$B$20,IF(C90="ASFALTO",'DATOS INICIALES'!$B$25,IF(C90="GRANULAR",'DATOS INICIALES'!B180))))))) -> 180 | F90: =+IF(B90="","",(VLOOKUP($A90,INSUMOSTRANSPORTES,4,0))) -> 560 | G90: =+IFERROR(D90*E90*F90,"") -> 30240
F91: SUBTOTAL | G91: =+IF(SUM(G90:G90)=0,"",SUM(G90:G90)) -> 30240
A93: IV. MANO DE OBRA
A94: CÓDIGO | B94: CARGOS PERSONAL | D94: CANTIDAD | E94: JORNAL TOTAL | F94: RENDIMIENTO | G94: VR. UNITARIO
A95: =IF(B95="","",INDEX(CODIGOSMANODEOBRA,MATCH($B95,'INSUMOS MANO DE OBRA'!$B$7:$B$61,0))) -> MO019 | B95: MAESTRO PRIMERO | D95: 1 | E95: =IF(B95="","",(VLOOKUP($A95,INSUMOSMANODEOBRA,8,0))) -> 194075 | F95: 5.9 | G95: =+IFERROR(D95*E95/F95,"") -> 32894.068
A96: =IF(B96="","",INDEX(CODIGOSMANODEOBRA,MATCH($B96,'INSUMOS MANO DE OBRA'!$B$7:$B$61,0))) -> MO021 | B96: OFICIAL ELÉCTRICO | D96: 1 | E96: =IF(B96="","",(VLOOKUP($A96,INSUMOSMANODEOBRA,8,0))) -> 179201 | F96: =F95 -> 5.9 | G96: =+IFERROR(D96*E96/F96,"") -> 30373.051
A97: =IF(B97="","",INDEX(CODIGOSMANODEOBRA,MATCH($B97,'INSUMOS MANO DE OBRA'!$B$7:$B$61,0))) -> MO022 | B97: AYUDANTE ELÉCTRICO | D97: 2 | E97: =IF(B97="","",(VLOOKUP($A97,INSUMOSMANODEOBRA,8,0))) -> 94854 | F97: =F95 -> 5.9 | G97: =+IFERROR(D97*E97/F97,"") -> 32153.898
F98: SUBTOTAL | G98: =+IF(SUM(G95:G97)=0,"",SUM(G95:G97)) -> 95421.017
A100: V. SERVICIOS
A101: CÓDIGO | B101: DESCRIPCIÓN | D101: UNIDAD | E101: CANTIDAD | F101: PRECIO UNIT. | G101: VR. UNITARIO
A102: =IF(B102="","",INDEX(CODIGOSSERVICIOS,MATCH($B102,'INSUMOS SERVICIOS'!$B$7:$B$21,0))) | D102: =+IF(B102="","",(VLOOKUP($A102,INSUMOSSERVICIOS,3,0))) | F102: =IF(B102="","",(VLOOKUP($A102,INSUMOSSERVICIOS,4,0))) | G102: =+IFERROR(E102*F102,"")
A103: =IF(B103="","",INDEX(CÓDIGOS_SERVICIOS,MATCH($B103,'[7]INSUMOS SERVICIOS'!$B$8:$B$51,0))) | D103: =+IF(B103="","",(VLOOKUP($A103,INSUMOS_SERVICIOS,3,0))) | F103: =IF(B103="","",(VLOOKUP($A103,INSUMOS_SERVICIOS,4,0))) | G103: =+IFERROR(E103*F103,"")
F104: SUBTOTAL | G104: =+IF(SUM(G102:G103)=0,"",SUM(G102:G103))
A106: TOTAL COSTO DIRECTO | G106: =IF(SUM(G79,G86,G91,G98,G104)=0,"",(ROUND(SUM(G79,G86,G91,G98,G104),0))) -> 308834
A108: 2. COSTOS INDIRECTOS
A110: DESCRIPCIÓN | F110: PORCENTAJE | G110: VALOR TOTAL
A111: ADMINISTRACION | F111: =AU!$I$36 -> 0.191 | G111: =+IFERROR(G106*F111,"") -> 58987.294
A112: UTILIDADES | F112: =IF(AU!$I$37=0,"",AU!$I$37) -> 0.05131865 | G112: =+IFERROR(G106*F112,"") -> 15848.944
A113: TOTAL COSTO INDIRECTO | F113: =IF(SUM(F111:F112)=0,"",SUM(F111:F112)) -> 0.24231865 | G113: =IF(SUM(G111:G112)=0,"",ROUND(SUM(G111:G112),0)) -> 74836
A115: PRECIO UNITARIO TOTAL APROXIMADO AL PESO | G115: =+IFERROR(ROUND(G106+G113,0),"") -> 383670
B117: DIONISIO NAVARRO CASTAÑEDA
B118: PROFESIONAL UNIVERSITARIO | D118: FIRMA RESPONSABLE
A120: ='DATOS INICIALES'!$B$1 -> DEPARTAMENTO DE ANTIOQUIA
A121: ='DATOS INICIALES'!$B$2 -> MUNICIPIO DE DABEIBA
A122: ='DATOS INICIALES'!$B$3 -> REPOSICIÓN, AMPLIACIÓN Y REPARACIÓN DE LUMINARIAS QUE HACEN PARTE DE LA RED DE ALUMBRADOPÚBLICO DEL PARQUE PRINCIPAL Y CORREGIMIENTO SAN JOSÉ DE URAMA DEL MUNICIPIO DE DABEIBA.
A124: ANÁLISIS DE PRECIOS UNITARIOS
A126: ITEM | B126: DESCRIPCIÓN | E126: UNIDAD | F126: CANTIDAD | G126: COSTO DIRECTO
A127: 1.3 | B127: =+IFERROR(VLOOKUP($A127,PRESUPUESTO!$A$7:$E$15,4,0),"") -> SUNINISTRO, TRANSPORTE E INSTALACION DE ENCAUCHETADO 3X12 Y DEMÁS ELEMENTOS PARA SU CORRECTO FUNCIONAMIENTO | E127: =+IFERROR(VLOOKUP($A127,PRESUPUESTO!$A$7:$E$15,5,0),"") -> M | F127: =+IFERROR(VLOOKUP($A127,PRESUPUESTO!$A$7:$F$15,6,0),"") -> 69 | G127: =IF(G175=0,"",G166) -> 19071
A129: 1. COSTOS DIRECTOS
A131: I. EQUIPO
A132: CÓDIGO | B132: DESCRIPCIÓN | D132: UNIDAD | E132: TARIFA | F132: RENDIMIENTO | G132: VR. UNITARIO
...

Sheet AU
A1: DEPARTAMENTO DE ANTIOQUIA
A2: ='DATOS INICIALES'!B2 -> MUNICIPIO DE DABEIBA
A3: ='DATOS INICIALES'!B3 -> REPOSICIÓN, AMPLIACIÓN Y REPARACIÓN DE LUMINARIAS QUE HACEN PARTE DE LA RED DE ALUMBRADOPÚBLICO DEL PARQUE PRINCIPAL Y CORREGIMIENTO SAN JOSÉ DE URAMA DEL MUNICIPIO DE DABEIBA.
A5: ADMINISTRACIÓN, IMPREVISTOS Y UTILIDADES - AIU
A7: ITEM | B7: CÓDIGO | C7: DESCRIPCIÓN | D7: CANT | E7: VALOR MENSUAL | F7: PREST. SOC. | G7: DEDIC. % | H7: PLAZO | I7: VALOR PARCIAL
A8: 1 | B8: EQUIPO PROFESIONAL | I8: =IF(SUM(I9:I10)=0,"",SUM(I9:I10)) -> 234000
A9: 1.1 | B9: =IF(C9="","",INDEX(CODIGOSMANODEOBRA,MATCH($C9,'INSUMOS MANO DE OBRA'!$B$7:$B$61,0))) -> MO003 | C9: RESIDENTE DE OBRA | D9: 1 | E9: =IF(C9="","",IFERROR(VLOOKUP($B9,INSUMOSMANODEOBRA,4,0),"")) -> 5200000 | F9: =IF(C9="","",IFERROR(ROUND((VLOOKUP($B9,INSUMOSMANODEOBRA,5,0)-1)*E9,0),"")) -> 2600000 | G9: 0.01 | H9: 3 | I9: =+IF(D9=0,"",IFERROR(D9*(E9+F9)*G9*H9,"")) -> 234000
A10: 1.2 | B10: =IF(C10="","",INDEX(CODIGOSMANODEOBRA,MATCH($C10,'INSUMOS MANO DE OBRA'!$B$7:$B$61,0))) | E10: =IF(C10="","",IFERROR(VLOOKUP($B10,INSUMOSMANODEOBRA,4,0),"")) | F10: =IF(C10="","",IFERROR(ROUND((VLOOKUP($B10,INSUMOSMANODEOBRA,5,0)-1)*E10,0),"")) | I10: =+IF(D10=0,"",IFERROR(D10*(E10+F10)*G10*H10,""))
A11: 2 | B11: PERSONAL TÉCNICO NO PROFESIONAL DE OBRA - VIÁTICOS | I11: =IF(SUM(I12:I12)=0,"",SUM(I12:I12))
A12: 2.1 | D12: =+IF(SUM(D9:D10)=0,"",SUM(D9:D10)) -> 1 | I12: =+IFERROR(D12*E12*H12,"") -> 0
A13: 3 | B13: GASTOS OFICINA CENTRAL | I13: =IF(SUM(I14:I17)=0,"",SUM(I14:I17)) -> 168870
A14: 3.1 | B14: =IF(C14="","",INDEX(CODIGOSMANODEOBRA,MATCH($C14,'INSUMOS MANO DE OBRA'!$B$7:$B$61,0))) -> MO010 | C14: CONTADOR | D14: 1 | E14: =IF(C14="","",IFERROR(VLOOKUP($B14,INSUMOSMANODEOBRA,4,0),"")) -> 5980000 | F14: =IF(C14="","",IFERROR(ROUND((VLOOKUP($B14,INSUMOSMANODEOBRA,5,0)-1)*E14,0),"")) -> 2990000 | G14: 0.005 | H14: 3 | I14: =+IF(D14=0,"",IFERROR(D14*(E14+F14)*G14*H14,"")) -> 134550
A15: 3.2 | B15: =IF(C15="","",INDEX(CODIGOSMANODEOBRA,MATCH($C15,'INSUMOS MANO DE OBRA'!$B$7:$B$61,0))) -> MO013 | C15: SECRETARIA | D15: 1 | E15: =IF(C15="","",IFERROR(VLOOKUP($B15,INSUMOSMANODEOBRA,4,0),"")) -> 1300000 | F15: =IF(C15="","",IFERROR(ROUND((VLOOKUP($B15,INSUMOSMANODEOBRA,5,0)-1)*E15,0),"")) -> 988000 | G15: 0.005 | H15: 3 | I15: =+IF(D15=0,"",IFERROR(D15*(E15+F15)*G15*H15,"")) -> 34320
A16: 3.3 | I16: =+IF(D16=0,"",IFERROR(D16*(E16+F16)*G16*H16,""))
A17: 3.4 | I17: =+IF(D17=0,"",IFERROR(D17*(E17+F17)*G17*H17,""))
A18: 4 | B18: SERVICIOS DE LABORATORIO | I18: =IF(SUM(I19:I20)=0,"",SUM(I19:I20))
A19: 4.1 | B19: =IF(C19="","",INDEX(CODIGOSSERVICIOS,MATCH($C19,'INSUMOS SERVICIOS'!$B$7:$B$21,0))) | I19: =IF(D19=0,"",IFERROR(D19*E19,""))
A20: 4.2 | B20: =IF(C20="","",INDEX(CODIGOSSERVICIOS,MATCH($C20,'INSUMOS SERVICIOS'!$B$7:$B$21,0))) | I20: =IF(D20=0,"",IFERROR(D20*E20,""))
A21: 5 | B21: VALLA CONTRACTUAL | I21: =IF(SUM(I22)=0,"",SUM(I22))
A22: 5.1 | B22: =IF(C22="","",INDEX(CODIGOMATERIALES,MATCH($C22,'INSUMOS MATERIALES'!$B$7:$B$51,0))) | E22: =IF(C22="","",(VLOOKUP($B22,INSUMOSMATERIALES,4,0))) | I22: =IF(D22=0,"",IFERROR(D22*E22,""))
A23: 6 | B23: GASTOS DE LEGALIZACIÓN DEL CONTRATO | I23: =IF(SUM(I24:I31)=0,"",SUM(I24:I31)) -> 5029751.9
A24: 6.1 | C24: PÓLIZAS | I24: =IF('POLIZAS OBRA'!$G$21=0,"",'POLIZAS OBRA'!$G$21) -> 478287.57
A25: 6.2 | C25: IMPUESTO DE CONTRIBUCIÓN ESPECIAL 5% | D25: 0.05 | E25: =IF(PRESUPUESTO!$H$16=0,"",PRESUPUESTO!$H$16) -> 28446652 | I25: =IFERROR(IF(D25*E25=0,"",D25*E25),"") -> 1422332.6
A26: 6.3 | C26: ESTAMPILLAS
A27: 6.3.1 | C27: Pro Hospital | D27: 0.01 | E27: =IF(PRESUPUESTO!$H$16=0,"",PRESUPUESTO!$H$16) -> 28446652 | I27: =IFERROR(IF(D27*E27=0,"",D27*E27),"") -> 284466.52
A28: 6.3.2 | C28: Pro cultura | D28: 0.02 | E28: =IF(PRESUPUESTO!$H$16=0,"",PRESUPUESTO!$H$16) -> 28446652 | I28: =IFERROR(IF(D28*E28=0,"",D28*E28),"") -> 568933.04
A29: 6.3.3 | C29: Pro Anciano | D29: 0.04 | E29: =IF(PRESUPUESTO!$H$16=0,"",PRESUPUESTO!$H$16) -> 28446652 | I29: =IFERROR(IF(D29*E29=0,"",D29*E29),"") -> 1137866.1
A30: 6.3.4 | C30: Pro Deporte y Recreación | D30: 0.02 | E30: =IF(PRESUPUESTO!$H$16=0,"",PRESUPUESTO!$H$16) -> 28446652 | I30: =IFERROR(IF(D30*E30=0,"",D30*E30),"") -> 568933.04
A31: 6.3.5 | C31: Pro Familia | D31: 0.02 | E31: =IF(PRESUPUESTO!$H$16=0,"",PRESUPUESTO!$H$16) -> 28446652 | I31: =IFERROR(IF(D31*E31=0,"",D31*E31),"") -> 568933.04
A32: SUBTOTAL DE COSTOS DE ADMINISTRACIÓN | I32: =IF(SUM(I8,I11,I13,I18,I21,I23)=0,"",SUM(I8,I11,I13,I18,I21,I23)) -> 5432621.9
A33: AJUSTE ADMINISTRACIÓN POR REDONDE DE DECIMALES | I33: =IFERROR(#REF!-AU!I32,"")
A34: TOTAL COSTOS DE ADMINISTRACIÓN | I34: =IFERROR(I32+I33,"")
A35: TOTAL COSTOS DIRECTOS | I35: =+PRESUPUESTO!H17 -> 28446652 | K35: =K36-I36 -> 0.051318633
A36: % ADMINISTRACIÓN | I36: =IFERROR(ROUND(I32/I35,4),"") -> 0.191 | K36: 0.24231863
A37: %UTILIDADES | I37: 0.05131865
A38: TOTAL AIU | I38: =IF(SUM(I36:I37)=0,"",SUM(I36:I37)) -> 0.24231865
C45: _______________________________________
C46: HADY LORENA VILLA CARVAJAL
C47: SECRETARIA DE PLANEACIÓN E INFRAESTRUCTURA

Sheet INSUMOS MATERIALES
A1: DEPARTAMENTO DE ANTIOQUIA
A2: ='DATOS INICIALES'!B6 -> MUNICIPIO DE DABEIBA
A3: ='DATOS INICIALES'!B3 -> REPOSICIÓN, AMPLIACIÓN Y REPARACIÓN DE LUMINARIAS QUE HACEN PARTE DE LA RED DE ALUMBRADOPÚBLICO DEL PARQUE PRINCIPAL Y CORREGIMIENTO SAN JOSÉ DE URAMA DEL MUNICIPIO DE DABEIBA.
A5: LISTADO DE INSUMOS - MATERIALES
A7: CÓDIGO | B7: DESCRIPCIÓN | C7: UNIDAD | D7: VALOR UNITARIO
B8: APU AUXILIARES
A9: MA001 | B9: CONCRETO 2000 PSI (140 MPA) EN OBRA | C9: M3 | D9: =IFERROR(VLOOKUP(A9,APUAUXILIARES,7,0),"") -> 644741
A10: MA002 | B10: CONCRETO 2500 PSI (175 MPA) EN OBRA | C10: M3 | D10: =IFERROR(VLOOKUP(A10,APUAUXILIARES,7,0),"") -> 543815
A11: MA003 | B11: CONCRETO 3000 PSI (210 MPA) EN OBRA | C11: M3 | D11: =IFERROR(VLOOKUP(A11,APUAUXILIARES,7,0),"") -> 590939
A12: MA004 | B12: CONCRETO 3500 PSI (245 MPA) EN OBRA | C12: M3 | D12: =IFERROR(VLOOKUP(A12,APUAUXILIARES,7,0),"") -> 612107
A13: MA005 | B13: CONCRETO 4000 PSI (280 MPA) EN OBRA | C13: M3 | D13: =IFERROR(VLOOKUP(A13,APUAUXILIARES,7,0),"") -> 665909
A14: MA006 | B14: MORTERO 1:2 EN OBRA (REVOQUE) | C14: M3 | D14: =IFERROR(VLOOKUP(A14,APUAUXILIARES,7,0),"") -> 760071
A15: MA007 | B15: MORTERO 1:2 EN OBRA (GROUT) | C15: M3 | D15: =IFERROR(VLOOKUP(A15,APUAUXILIARES,7,0),"") -> 1150221
A16: MA008 | B16: MORTERO 1:3 EN OBRA (REVOQUE) | C16: M3 | D16: =IFERROR(VLOOKUP(A16,APUAUXILIARES,7,0),"") -> 1235115
A17: MA009 | B17: MORTERO 1:3 EN OBRA (GROUT) | C17: M3 | D17: =IFERROR(VLOOKUP(A17,APUAUXILIARES,7,0),"") -> 1235115
A18: MA010 | B18: MORTERO 1:3 EN OBRA (PEGA) | C18: M3 | D18: =IFERROR(VLOOKUP(A18,APUAUXILIARES,7,0),"") -> 1235115
A19: MA011 | B19: MORTERO 1:4 EN OBRA (REVOQUE) | C19: M3 | D19: =IFERROR(VLOOKUP(A19,APUAUXILIARES,7,0),"") -> 1220067
A20: MA012 | B20: MORTERO 1:4 EN OBRA (GROUT) | C20: M3 | D20: =IFERROR(VLOOKUP(A20,APUAUXILIARES,7,0),"") -> 1220067
A21: MA013 | B21: MORTERO 1:4 EN OBRA (PEGA) | C21: M3 | D21: =IFERROR(VLOOKUP(A21,APUAUXILIARES,7,0),"") -> 1220067
A22: MA014 | B22: MORTERO 1:5 EN OBRA (REVOQUE) | C22: M3 | D22: =+IFERROR(VLOOKUP(A22,APU_AUXILIARES,7,0),"")
A23: MA015 | B23: MORTERO 1:5 EN OBRA (PEGA) | C23: M3 | D23: =+IFERROR(VLOOKUP(A23,APU_AUXILIARES,7,0),"")
A24: MA016 | B24: MORTERO 1:6 EN OBRA (PEGA) | C24: M3 | D24: =+IFERROR(VLOOKUP(A24,APU_AUXILIARES,7,0),"")
A25: MA017 | B25: FORMALETA PARA MUROS, ALETAS, DISIPADORES Y ESTRIBOS (6 USOS) | C25: M2 | D25: =+IFERROR(VLOOKUP(A25,APU_AUXILIARES,7,0),"")
A26: MA018 | D26: =+IFERROR(VLOOKUP(A26,APU_AUXILIARES,7,0),"")
A27: MA019 | D27: =+IFERROR(VLOOKUP(A27,APU_AUXILIARES,7,0),"")
B28: MATERIALES
A29: MA020 | B29: LUMINARIA ALUMBRADO PUBLICO DXPRO 60W 120-240V 150LM/W | C29: UN | D29: 389630
A30: MA021 | B30: CABLE ENCAUCHETADO 3X12 AWG | C30: M | D30: 10860
A31: MA022 | B31: CINTA AISLANTE SUPER SCOTCH 33 | C31: UN | D31: 27300
A32: MA023 | B32: DISCO CORTE METAL | C32: UN | D32: 6800
A33: MA024 | B33: BRAZO GALVANIZADO ALUMBRADO PUBICO 1.5M X 1 1/4" | C33: UN | D33: 111250
A34: MA025 | B34: CINTA AISLANTE AUTOFUNDENTE SUPER 23 | C34: UN | D34: 59800
A35: MA026 | B35: AMARRA PLÁSTICA DEXSON | C35: UN | D35: 150
A36: MA027 | B36: BASE FOTOCELDA 250V INTEMPERIE | C36: UN | D36: 14890
A37: MA028 | B37: FOTOCELDA ALUMBRADO PUBLICO 100-240V 2F+T | C37: UN | D37: 19650
A38: MA029 | B38: CONECTOR 10-10 | C38: UN | D38: 4900
A39: MA030 | B39: CONECTOR EMPALME RESORTE | C39: UN | D39: 410
A40: MA031 | B40: ESPACIADOR 5/8" X 8" + 4TUERC/ARAND CON GUASA | C40: UN | D40: 6400
... A62: MA053 | B62: VALVULA 2-PULG SALIDA SENCILLA TRADICIONAL 2 PIEZAS | C62: UN | D62: 2900
A63: MA054
A64: MA055 | B64: lechada boquilla | C64: KG | D64: 5500
A65: MA056 | B65: estopa | C65: KG | D65: 7500
A66: MA057 | B66: ceramica de 20,5 x 20,5 cm trafico 4 | C66: m2 | D66: 30000
A67: MA058 | B67: Puertas en Lamina 0.70 Cal 20, Incluye marco y chapa | C67: und | D67: 330000
A68: MA059 | B68: pintura a base de aceite | C68: galon | D68: 74800
A69: MA060 | B69: disolvente | C69: garrafa | D69: 15000
A70: MA061 | B70: lija 110-180 | C70: hoja | D70: 2200
A71: MA062 | B71: cinta | C71: rollo | D71: 2750
A72: MA063 | B72: Ventana en aluminio | C72: m2 | D72: 190000
A73: MA064 | B73: Vidrio Crudo 4mm (Instalado) | C73: m2 | D73: 25000
A74: MA065 | B74: angulo metalico de 1" | C74: ml | D74: 5800
A75: MA066 | B75: Lamina galvanizada 2x1 calibre 20 | C75: und | D75: 63000
... A143: MA134 | B143: Bloque arcilla 10x20x40 | C143: Und | D143: 1500
B153: HADY LORENA VILLA CARVAJAL
B154: SECRETARIA DE PLANEACIÓN E INFRAESTRUCTURA

Sheet APU AUXILIARES
A1: ='DATOS INICIALES'!$B$1 -> DEPARTAMENTO DE ANTIOQUIA
A2: ='DATOS INICIALES'!$B$2 -> MUNICIPIO DE DABEIBA
A3: ='DATOS INICIALES'!$B$3 -> REPOSICIÓN, AMPLIACIÓN Y REPARACIÓN DE LUMINARIAS QUE HACEN PARTE DE LA RED DE ALUMBRADOPÚBLICO DEL PARQUE PRINCIPAL Y CORREGIMIENTO SAN JOSÉ DE URAMA DEL MUNICIPIO DE DABEIBA.
A5: ANÁLISIS DE PRECIOS UNITARIOS
A7: ITEM | B7: DESCRIPCIÓN | E7: UNIDAD | F7: CANTIDAD | G7: COSTO DIRECTO
A8: MA001 | B8: =+IFERROR(VLOOKUP($A8,INSUMOSMATERIALES,2,0),"") -> CONCRETO 2000 PSI (140 MPA) EN OBRA | E8: =+IFERROR(VLOOKUP($A8,INSUMOSMATERIALES,3,0),"") -> M3 | F8: N.D | G8: =IF(G58=0,"",G48) -> 644741
A10: 1. COSTOS DIRECTOS
A12: I. EQUIPO
A13: CÓDIGO | B13: DESCRIPCIÓN | D13: UNIDAD | E13: TARIFA | F13: RENDIMIENTO | G13: VR. UNITARIO
A14: =IF(B14="","",INDEX(CODIGOEQUIPOS,MATCH($B14,'INSUMOS EQUIPOS'!$B$7:$B$39,0))) -> EQ004 | B14: CONCRETADORA 1.5 SACOS A GASOLINA | D14: =IF(B14="","",(VLOOKUP($A14,INSUMOSEQUIPOS,3,0))) -> DÍA | E14: =IF(B14="","",(VLOOKUP($A14,INSUMOSEQUIPOS,4,0))) -> 62000 | F14: 8 | G14: =+IFERROR(E14/F14,"") -> 7750
A15: =+IF(G39="","","EQ001") -> EQ001 | B15: =+IF($A15="","",IFERROR(VLOOKUP($A15,INSUMOSEQUIPOS,2,0),"")) -> HERRAMIENTA MENOR (5% DE LA MANO DE OBRA) | D15: =+IF($A15="","",IFERROR(VLOOKUP($A15,INSUMOSEQUIPOS,3,0),"")) -> % | E15: =+IF($A15="","",IFERROR(VLOOKUP($A15,INSUMOSEQUIPOS,4,0),"")) -> 0.05 | F15: =+IF(G39=0,"",G39) -> 49737.75 | G15: =+IFERROR(E15*F15,"") -> 2486.8875
F16: SUBTOTAL | G16: =+IF(SUM(G14:G15)=0,"",SUM(G14:G15)) -> 10236.888
A18: II. MATERIALES
A19: CÓDIGO | B19: DESCRIPCIÓN | C19: UNIDAD | D19: CANTIDAD | E19: DESP. | F19: PRECIO UNIT. | G19: VR. UNITARIO
A20: =IF(B20="","",INDEX(CODIGOMATERIALES,MATCH($B20,'INSUMOS MATERIALES'!$B$7:$B$51,0))) -> #N/A | B20: CEMENTO GRIS (50 KG) PORTLAND TIPO I | C20: =IF(B20="","",(VLOOKUP($A20,INSUMOSMATERIALES,3,0))) -> #N/A | D20: 5.2 | E20: 0.05 | F20: =IF(B20="","",(VLOOKUP($A20,INSUMOSMATERIALES,4,0))) -> #N/A | G20: =+IFERROR(F20*D20*(1+E20),"")
A21: =IF(B21="","",INDEX(CODIGOMATERIALES,MATCH($B21,'INSUMOS MATERIALES'!$B$7:$B$51,0))) -> #N/A | B21: ARENA FINA PARA CONCRETOS | C21: =IF(B21="","",(VLOOKUP($A21,INSUMOSMATERIALES,3,0))) -> #N/A | D21: 0.63 | E21: 0.05 | F21: =IF(B21="","",(VLOOKUP($A21,INSUMOSMATERIALES,4,0))) -> #N/A | G21: =+IFERROR(F21*D21*(1+E21),"")
A22: =IF(B22="","",INDEX(CODIGOMATERIALES,MATCH($B22,'INSUMOS MATERIALES'!$B$7:$B$51,0))) -> #N/A | B22: AGREGADO TRITURADO | C22: =IF(B22="","",(VLOOKUP($A22,INSUMOSMATERIALES,3,0))) -> #N/A | D22: 0.84 | E22: 0.05 | F22: =IF(B22="","",(VLOOKUP($A22,INSUMOSMATERIALES,4,0))) -> #N/A | G22: =+IFERROR(F22*D22*(1+E22),"")
A23: =IF(B23="","",INDEX(CODIGOMATERIALES,MATCH($B23,'INSUMOS MATERIALES'!$B$7:$B$51,0))) -> #N/A | B23: AGUA | C23: =IF(B23="","",(VLOOKUP($A23,INSUMOSMATERIALES,3,0))) -> #N/A | D23: 170 | E23: 0.1 | F23: =IF(B23="","",(VLOOKUP($A23,INSUMOSMATERIALES,4,0))) -> #N/A | G23: =+IFERROR(F23*D23*(1+E23),"")
F24: SUBTOTAL | G24: =+IF(SUM(G20:G23)=0,"",SUM(G20:G23))
A26: III. TRANSPORTES
A27: CÓDIGO | B27: DESCRIPCIÓN | C27: TIPO | D27: VOLUMEN/PESO | E27: DISTANCIA | F27: TARIFA | G27: VR. UNITARIO
A28: =IF(B28="","",INDEX(CODIGOTRANSPORTES,MATCH(B28,'INSUMOS TRANSPORTES'!$B$7:$B$122,0))) -> TR020 | B28: TRANSPORTE DE MATERIALES (TRITURADO), 0-54 KM | C28: PLAYATRITURADO | D28: =D22*1.05 -> 0.882 | E28: =+IF(C28=0,"",IF(C28="INSUMOS",'DATOS INICIALES'!$B$24,IF(C28="PLAYA",'DATOS INICIALES'!$B$21,IF(C28="TIERRA",'DATOS INICIALES'!$B$19,IF(C28="ESCOMBROS",'DATOS INICIALES'!$B$20,IF(C28="ASFALTO",'DATOS INICIALES'!$B$25,IF(C28="GRANULAR",'DATOS INICIALES'!$B$23,IF(C28="PLAYATRITURADO",'DATOS INICIALES'!$B$22,0)))))))) -> 120 | F28: =+IF(B28="","",(VLOOKUP($A28,INSUMOSTRANSPORTES,4,0))) -> 950 | G28: =+IFERROR(D28*E28*F28,"") -> 100548
A29: =IF(B29="","",INDEX(CODIGOTRANSPORTES,MATCH(B29,'INSUMOS TRANSPORTES'!$B$7:$B$13,0))) -> TR002 | B29: TRANSPORTE DE MATERIALES DE PLAYA (ARENILLON, PIEDRA RODADA DE RIO DMAX=1") 0-1KM | C29: PLAYA | D29: =D21*1.05 -> 0.6615 | E29: =+IF(C29=0,"",IF(C29="INSUMOS",'DATOS INICIALES'!$B$24,IF(C29="PLAYA",'DATOS INICIALES'!$B$21,IF(C29="TIERRA",'DATOS INICIALES'!$B$19,IF(C29="ESCOMBROS",'DATOS INICIALES'!$B$20,IF(C29="ASFALTO",'DATOS INICIALES'!$B$25,IF(C29="GRANULAR",'DATOS INICIALES'!$B$23,IF(C29="PLAYATRITURADO",'DATOS INICIALES'!$B$22,0)))))))) -> 120 | F29: =+IF(B29="","",(VLOOKUP($A29,INSUMOSTRANSPORTES,4,0))) -> 6100 | G29: =+IFERROR(D29*E29*F29,"") -> 484218
A30: =IF(B30="","",INDEX(CODIGOTRANSPORTES,MATCH(B30,'INSUMOS TRANSPORTES'!$B$7:$B$26,0))) -> #N/A | B30: TRANSPORTE DE INSUMOS GENERALES 0-1KM | C30: INSUMOS | D30: =(50*D20)/1000 -> 0.26 | E30: =+IF(C30=0,"",IF(C30="INSUMOS",'DATOS INICIALES'!$B$24,IF(C30="PLAYA",'DATOS INICIALES'!$B$21,IF(C30="TIERRA",'DATOS INICIALES'!$B$19,IF(C30="ESCOMBROS",'DATOS INICIALES'!$B$20,IF(C30="ASFALTO",'DATOS INICIALES'!$B$25,IF(C30="GRANULAR",'DATOS INICIALES'!B23))))))) -> 180 | F30: =+IF(B30="","",(VLOOKUP($A30,INSUMOSTRANSPORTES,4,0))) -> #N/A | G30: =+IFERROR(D30*E30*F30,"")
F31: SUBTOTAL | G31: =+IF(SUM(G28:G29)=0,"",SUM(G28:G29)) -> 584766
A33: IV. MANO DE OBRA
A34: CÓDIGO | B34: CARGOS PERSONAL | D34: CANTIDAD | E34: JORNAL TOTAL | F34: RENDIMIENTO | G34: VR. UNITARIO
A35: =IF(B35="","",INDEX(CODIGOSMANODEOBRA,MATCH($B35,'INSUMOS MANO DE OBRA'!$B$7:$B$61,0))) -> MO033 | B35: OPERADOR EQUIPO LIVIANO | D35: 1 | E35: =IF(B35="","",(VLOOKUP($A35,INSUMOSMANODEOBRA,8,0))) -> 94854 | F35: 8 | G35: =+IFERROR(D35*E35/F35,"") -> 11856.75
A36: =IF(B36="","",INDEX(CODIGOSMANODEOBRA,MATCH($B36,'INSUMOS MANO DE OBRA'!$B$7:$B$61,0))) -> MO032 | B36: AYUDANTE RASO | D36: 4 | E36: =IF(B36="","",(VLOOKUP($A36,INSUMOSMANODEOBRA,8,0))) -> 75762 | F36: 8 | G36: =+IFERROR(D36*E36/F36,"") -> 37881
G37: =+IFERROR(D37*E37/F37,"")
A38: =IF(B38="","",INDEX(CÓDIGOS_MANO_DE_OBRA,MATCH($B38,'[7]INSUMOS MANO DE OBRA'!$B$8:$B$63,0))) | E38: =+IF(B38="","",(VLOOKUP($A38,INSUMOS_MANO_DE_OBRA,8,0))) | F38: =+IF(A38="","",IF(A38=0,"",IF(F37="","",F37))) | G38: =+IFERROR(D38*E38/F38,"")
F39: SUBTOTAL | G39: =+IF(SUM(G35:G38)=0,"",SUM(G35:G38)) -> 49737.75
A41: V. SERVICIOS
A42: CÓDIGO | B42: DESCRIPCIÓN | D42: UNIDAD | E42: CANTIDAD | F42: PRECIO UNIT. | G42: VR. UNITARIO
A43: =IF(B43="","",INDEX(CODIGOSSERVICIOS,MATCH($B43,'INSUMOS SERVICIOS'!$B$7:$B$21,0))) | D43: =+IF(B43="","",(VLOOKUP($A43,INSUMOSSERVICIOS,3,0))) | E43: 1 | F43: =IF(B43="","",(VLOOKUP($A43,INSUMOSSERVICIOS,4,0))) | G43: =+IFERROR(E43*F43,"")
A44: =IF(B44="","",INDEX(CODIGOSSERVICIOS,MATCH($B44,'INSUMOS SERVICIOS'!$B$7:$B$21,0))) | D44: =+IF(B44="","",(VLOOKUP($A44,INSUMOSSERVICIOS,3,0))) | E44: 1 | F44: =IF(B44="","",(VLOOKUP($A44,INSUMOSSERVICIOS,4,0))) | G44: =+IFERROR(E44*F44,"")
A45: =IF(B45="","",INDEX(CÓDIGOS_SERVICIOS,MATCH($B45,'[7]INSUMOS SERVICIOS'!$B$8:$B$51,0))) | D45: =+IF(B45="","",(VLOOKUP($A45,INSUMOS_SERVICIOS,3,0))) | F45: =IF(B45="","",(VLOOKUP($A45,INSUMOS_SERVICIOS,4,0))) | G45: =+IFERROR(E45*F45,"")
F46: SUBTOTAL | G46: =+IF(SUM(G43:G45)=0,"",SUM(G43:G45))
A48: TOTAL COSTO DIRECTO | G48: =IF(SUM(G16,G24,G31,G39,G46)=0,"",(ROUND(SUM(G16,G24,G31,G39,G46),0))) -> 644741
A50: 2. COSTOS INDIRECTOS
A52: DESCRIPCIÓN | F52: PORCENTAJE | G52: VALOR TOTAL
A53: ADMINISTRACION | F53: =AU!$I$36 -> 0.191 | G53: =+IFERROR(G48*F53,"") -> 123145.53
A54: IMPREVISTOS | F54: =IF(AU!#REF!=0,"",AU!#REF!) -> #REF! | G54: =+IFERROR(G48*F54,"")
A55: UTILIDADES | F55: =IF(AU!$I$37=0,"",AU!$I37) -> 0.05131865 | G55: =+IFERROR(G48*F55,"") -> 33087.238
A56: TOTAL COSTO INDIRECTO | F56: =IF(SUM(F53:F55)=0,"",SUM(F53:F55)) -> #REF! | G56: =IF(SUM(G53:G55)=0,"",ROUND(SUM(G53:G55),0)) -> 156233
A58: PRECIO UNITARIO TOTAL APROXIMADO AL PESO | G58: =+IFERROR(ROUND(G48+G56,0),"") -> 800974
B60: HADY LORENA VILLA CARVAJAL
B61: SECRETARIA DE PLANEACIÓN E INFRAESTRUCTURA
D63: FIRMA RESPONSABLE
A65: ='DATOS INICIALES'!$B$1 -> DEPARTAMENTO DE ANTIOQUIA
A66: ='DATOS INICIALES'!$B$2 -> MUNICIPIO DE DABEIBA
A67: ='DATOS INICIALES'!$B$3 -> REPOSICIÓN, AMPLIACIÓN Y REPARACIÓN DE LUMINARIAS QUE HACEN PARTE DE LA RED DE ALUMBRADOPÚBLICO DEL PARQUE PRINCIPAL Y CORREGIMIENTO SAN JOSÉ DE URAMA DEL MUNICIPIO DE DABEIBA.
A69: ANÁLISIS DE PRECIOS UNITARIOS
A71: ITEM | B71: DESCRIPCIÓN | E71: UNIDAD | F71: CANTIDAD | G71: COSTO DIRECTO
A72: MA002 | B72: =+IFERROR(VLOOKUP($A72,INSUMOSMATERIALES,2,0),"") -> CONCRETO 2500 PSI (175 MPA) EN OBRA | E72: =+IFERROR(VLOOKUP($A72,INSUMOSMATERIALES,3,0),"") -> M3 | F72: N.D | G72: =IF(G122=0,"",G112) -> 543815
A74: 1. COSTOS DIRECTOS
A76: I. EQUIPO
A77: CÓDIGO | B77: DESCRIPCIÓN | D77: UNIDAD | E77: TARIFA | F77: RENDIMIENTO | G77: VR. UNITARIO
A78: =IF(B78="","",INDEX(CODIGOEQUIPOS,MATCH($B78,'INSUMOS EQUIPOS'!$B$7:$B$39,0))) -> EQ004 | B78: CONCRETADORA 1.5 SACOS A GASOLINA | D78: =IF(B78="","",(VLOOKUP($A78,INSUMOSEQUIPOS,3,0))) -> DÍA | E78: =IF(B78="","",(VLOOKUP($A78,INSUMOSEQUIPOS,4,0))) -> 62000 | F78: 8 | G78: =+IFERROR(E78/F78,"") -> 7750
A79: =+IF(G103="","","EQ001") -> EQ001 | B79: =+IF($A79="","",IFERROR(VLOOKUP($A79,INSUMOSEQUIPOS,2,0),"")) -> HERRAMIENTA MENOR (5% DE LA MANO DE OBRA) | D79: =+IF($A79="","",IFERROR(VLOOKUP($A79,INSUMOSEQUIPOS,3,0),"")) -> % | E79: =+IF($A79="","",IFERROR(VLOOKUP($A79,INSUMOSEQUIPOS,4,0),"")) -> 0.05 | F79: =+IF(G103=0,"",G103) -> 49737.75 | G79: =+IFERROR(E79*F79,"") -> 2486.8875
F80: SUBTOTAL | G80: =+IF(SUM(G78:G79)=0,"",SUM(G78:G79)) -> 10236.888
A82: II. MATERIALES
A83: CÓDIGO | B83: DESCRIPCIÓN | C83: UNIDAD | D83: CANTIDAD | E83: DESP. | F83: PRECIO UNIT. | G83: VR. UNITARIO
A84: =IF(B84="","",INDEX(CODIGOMATERIALES,MATCH($B84,'INSUMOS MATERIALES'!$B$7:$B$51,0))) -> #N/A | B84: CEMENTO GRIS (50 KG) PORTLAND TIPO I | C84: =IF(B84="","",(VLOOKUP($A84,INSUMOSMATERIALES,3,0))) -> #N/A | D84: 6 | E84: 0.05 | F84: =IF(B84="","",(VLOOKUP($A84,INSUMOSMATERIALES,4,0))) -> #N/A | G84: =+IFERROR(F84*D84*(1+E84),"")
A85: =IF(B85="","",INDEX(CODIGOMATERIALES,MATCH($B85,'INSUMOS MATERIALES'!$B$7:$B$51,0))) -> #N/A | B85: ARENA FINA PARA CONCRETOS | C85: =IF(B85="","",(VLOOKUP($A85,INSUMOSMATERIALES,3,0))) -> #N/A | D85: 0.48 | E85: 0.05 | F85: =IF(B85="","",(VLOOKUP($A85,INSUMOSMATERIALES,4,0))) -> #N/A | G85: =+IFERROR(F85*D85*(1+E85),"")
A86: =IF(B86="","",INDEX(CODIGOMATERIALES,MATCH($B86,'INSUMOS MATERIALES'!$B$7:$B$51,0))) -> #N/A | B86: AGREGADO TRITURADO | C86: =IF(B86="","",(VLOOKUP($A86,INSUMOSMATERIALES,3,0))) -> #N/A | D86: 0.96 | E86: 0.05 | F86: =IF(B86="","",(VLOOKUP($A86,INSUMOSMATERIALES,4,0))) -> #N/A | G86: =+IFERROR(F86*D86*(1+E86),"")
A87: =IF(B87="","",INDEX(CODIGOMATERIALES,MATCH($B87,'INSUMOS MATERIALES'!$B$7:$B$51,0))) -> #N/A | B87: AGUA | C87: =IF(B87="","",(VLOOKUP($A87,INSUMOSMATERIALES,3,0))) -> #N/A | D87: 170 | E87: 0.1 | F87: =IF(B87="","",(VLOOKUP($A87,INSUMOSMATERIALES,4,0))) -> #N/A | G87: =+IFERROR(F87*D87*(1+E87),"")
F88: SUBTOTAL | G88: =+IF(SUM(G84:G87)=0,"",SUM(G84:G87))
A90: III. TRANSPORTES
A91: CÓDIGO | B91: DESCRIPCIÓN | C91: TIPO | D91: VOLUMEN/PESO | E91: DISTANCIA | F91: TARIFA | G91: VR. UNITARIO
A92: =IF(B92="","",INDEX(CODIGOTRANSPORTES,MATCH(B92,'INSUMOS TRANSPORTES'!$B$7:$B$122,0))) -> TR020 | B92: TRANSPORTE DE MATERIALES (TRITURADO), 0-54 KM | C92: PLAYATRITURADO | D92: =D86*1.05 -> 1.008 | E92: =+IF(C92=0,"",IF(C92="INSUMOS",'DATOS INICIALES'!$B$24,IF(C92="PLAYA",'DATOS INICIALES'!$B$21,IF(C92="TIERRA",'DATOS INICIALES'!$B$19,IF(C92="ESCOMBROS",'DATOS INICIALES'!$B$20,IF(C92="ASFALTO",'DATOS INICIALES'!$B$25,IF(C92="GRANULAR",'DATOS INICIALES'!$B$23,IF(C92="PLAYATRITURADO",'DATOS INICIALES'!$B$22,0)))))))) -> 120 | F92: =+IF(B92="","",(VLOOKUP($A92,INSUMOSTRANSPORTES,4,0))) -> 950 | G92: =+IFERROR(D92*E92*F92,"") -> 114912
A93: =IF(B93="","",INDEX(CODIGOTRANSPORTES,MATCH(B93,'INSUMOS TRANSPORTES'!$B$7:$B$13,0))) -> TR002 | B93: TRANSPORTE DE MATERIALES DE PLAYA (ARENILLON, PIEDRA RODADA DE RIO DMAX=1") 0-1KM | C93: PLAYA | D93: =D85*1.05 -> 0.504 | E93: =+IF(C93=0,"",IF(C93="INSUMOS",'DATOS INICIALES'!$B$24,IF(C93="PLAYA",'DATOS INICIALES'!$B$21,IF(C93="TIERRA",'DATOS INICIALES'!$B$19,IF(C93="ESCOMBROS",'DATOS INICIALES'!$B$20,IF(C93="ASFALTO",'DATOS INICIALES'!$B$25,IF(C93="GRANULAR",'DATOS INICIALES'!$B$23,IF(C93="PLAYATRITURADO",'DATOS INICIALES'!$B$22,0)))))))) -> 120 | F93: =+IF(B93="","",(VLOOKUP($A93,INSUMOSTRANSPORTES,4,0))) -> 6100 | G93: =+IFERROR(D93*E93*F93,"") -> 368928
A94: =IF(B94="","",INDEX(CODIGOTRANSPORTES,MATCH(B94,'INSUMOS TRANSPORTES'!$B$7:$B$26,0))) -> #N/A | B94: TRANSPORTE DE INSUMOS GENERALES 0-1KM | C94: INSUMOS | D94: =(50*D84)/1000 -> 0.3 | E94: =+IF(C94=0,"",IF(C94="INSUMOS",'DATOS INICIALES'!$B$24,IF(C94="PLAYA",'DATOS INICIALES'!$B$21,IF(C94="TIERRA",'DATOS INICIALES'!$B$19,IF(C94="ESCOMBROS",'DATOS INICIALES'!$B$20,IF(C94="ASFALTO",'DATOS INICIALES'!$B$25,IF(C94="GRANULAR",'DATOS INICIALES'!B104))))))) -> 180 | F94: =+IF(B94="","",(VLOOKUP($A94,INSUMOSTRANSPORTES,4,0))) -> #N/A | G94: =+IFERROR(D94*E94*F94,"")
F95: SUBTOTAL | G95: =+IF(SUM(G92:G93)=0,"",SUM(G92:G93)) -> 483840
A97: IV. MANO DE OBRA
A98: CÓDIGO | B98: CARGOS PERSONAL | D98: CANTIDAD | E98: JORNAL TOTAL | F98: RENDIMIENTO | G98: VR. UNITARIO
A99: =IF(B99="","",INDEX(CODIGOSMANODEOBRA,MATCH($B99,'INSUMOS MANO DE OBRA'!$B$7:$B$61,0))) -> MO033 | B99: OPERADOR EQUIPO LIVIANO | D99: 1 | E99: =IF(B99="","",(VLOOKUP($A99,INSUMOSMANODEOBRA,8,0))) -> 94854 | F99: 8 | G99: =+IFERROR(D99*E99/F99,"") -> 11856.75
A100: =IF(B100="","",INDEX(CODIGOSMANODEOBRA,MATCH($B100,'INSUMOS MANO DE OBRA'!$B$7:$B$61,0))) -> MO032 | B100: AYUDANTE RASO | D100: 4 | E100: =IF(B100="","",(VLOOKUP($A100,INSUMOSMANODEOBRA,8,0))) -> 75762 | F100: 8 | G100: =+IFERROR(D100*E100/F100,"") -> 37881
G101: =+IFERROR(D101*E101/F101,"")
A102: =IF(B102="","",INDEX(CÓDIGOS_MANO_DE_OBRA,MATCH($B102,'[7]INSUMOS MANO DE OBRA'!$B$8:$B$63,0))) | E102: =+IF(B102="","",(VLOOKUP($A102,INSUMOS_MANO_DE_OBRA,8,0))) | F102: =+IF(A102="","",IF(A102=0,"",IF(F101="","",F101))) | G102: =+IFERROR(D102*E102/F102,"")
F103: SUBTOTAL | G103: =+IF(SUM(G99:G102)=0,"",SUM(G99:G102)) -> 49737.75
A105: V. SERVICIOS
A106: CÓDIGO | B106: DESCRIPCIÓN | D106: UNIDAD | E106: CANTIDAD | F106: PRECIO UNIT. | G106: VR. UNITARIO
A107: =IF(B107="","",INDEX(CODIGOSSERVICIOS,MATCH($B107,'INSUMOS SERVICIOS'!$B$7:$B$21,0))) | D107: =+IF(B107="","",(VLOOKUP($A107,INSUMOSSERVICIOS,3,0))) | E107: 1 | F107: =IF(B107="","",(VLOOKUP($A107,INSUMOSSERVICIOS,4,0))) | G107: =+IFERROR(E107*F107,"")
A108: =IF(B108="","",INDEX(CODIGOSSERVICIOS,MATCH($B108,'INSUMOS SERVICIOS'!$B$7:$B$21,0))) | D108: =+IF(B108="","",(VLOOKUP($A108,INSUMOSSERVICIOS,3,0))) | E108: 1 | F108: =IF(B108="","",(VLOOKUP($A108,INSUMOSSERVICIOS,4,0))) | G108: =+IFERROR(E108*F108,"")
A109: =IF(B109="","",INDEX(CÓDIGOS_SERVICIOS,MATCH($B109,'[7]INSUMOS SERVICIOS'!$B$8:$B$51,0))) | D109: =+IF(B109="","",(VLOOKUP($A109,INSUMOS_SERVICIOS,3,0))) | F109: =IF(B109="","",(VLOOKUP($A109,INSUMOS_SERVICIOS,4,0))) | G109: =+IFERROR(E109*F109,"")
F110: SUBTOTAL | G110: =+IF(SUM(G107:G109)=0,"",SUM(G107:G109))
A112: TOTAL COSTO DIRECTO | G112: =IF(SUM(G80,G88,G95,G103,G110)=0,"",(ROUND(SUM(G80,G88,G95,G103,G110),0))) -> 543815
A114: 2. COSTOS INDIRECTOS
A116: DESCRIPCIÓN | F116: PORCENTAJE | G116: VALOR TOTAL
A117: ADMINISTRACION | F117: =AU!$I$36 -> 0.191 | G117: =+IFERROR(G112*F117,"") -> 103868.67
A118: IMPREVISTOS | F118: =IF(AU!#REF!=0,"",AU!#REF!) -> #REF! | G118: =+IFERROR(G112*F118,"")
A119: UTILIDADES | F119: =IF(AU!$I$37=0,"",AU!$I$37) -> 0.05131865 | G119: =+IFERROR(G112*F119,"") -> 27907.852
A120: TOTAL COSTO INDIRECTO | F120: =IF(SUM(F117:F119)=0,"",SUM(F117:F119)) -> #REF! | G120: =IF(SUM(G117:G119)=0,"",ROUND(SUM(G117:G119),0)) -> 131777
A122: PRECIO UNITARIO TOTAL APROXIMADO AL PESO | G122: =+IFERROR(ROUND(G112+G120,0),"") -> 675592
B124: HADY LORENA VILLA CARVAJAL
B125: SECRETARIA DE PLANEACIÓN E INFRAESTRUCTURA
D127: FIRMA RESPONSABLE
A129: ='DATOS INICIALES'!$B$1 -> DEPARTAMENTO DE ANTIOQUIA
A130: ='DATOS INICIALES'!$B$2 -> MUNICIPIO DE DABEIBA
...

Sheet INSUMOS EQUIPOS
A1: DEPARTAMENTO DE ANTIOQUIA
A2: ='DATOS INICIALES'!B6 -> MUNICIPIO DE DABEIBA
A3: ='DATOS INICIALES'!B3 -> REPOSICIÓN, AMPLIACIÓN Y REPARACIÓN DE LUMINARIAS QUE HACEN PARTE DE LA RED DE ALUMBRADOPÚBLICO DEL PARQUE PRINCIPAL Y CORREGIMIENTO SAN JOSÉ DE URAMA DEL MUNICIPIO DE DABEIBA.
A5: LISTADO DE INSUMOS - EQUIPOS
A7: CÓDIGO | B7: DESCRIPCIÓN | C7: UNIDAD | D7: VALOR UNITARIO
A8: EQ001 | B8: =+"HERRAMIENTA MENOR "&"("&D8*100&"% DE LA MANO DE OBRA)" -> HERRAMIENTA MENOR (5% DE LA MANO DE OBRA) | C8: % | D8: 0.05
A9: EQ002 | B9: ESTACIÓN TOTAL | C9: DÍA | D9: 78710
A10: EQ003 | B10: NIVEL DE PRECISIÓN | C10: DÍA | D10: 45260
A11: EQ004 | B11: CONCRETADORA 1.5 SACOS A GASOLINA | C11: DÍA | D11: 62000
A12: EQ005 | B12: VEHÍCULO DOBLE TRACCIÓN, DOBLE CABINA, 2000 CC O SUPERIOR (MODELO 2015 O SUPERIOR) TARIFA DE ALQUILER TIEMPO COMPLETO, INCLUYE COMBUSTIBLE Y CONDUCTOR. SE DEBE GARANTIZAR PERMANENCIA DE LOS VEHÍCULOS DURANTE TODA LA EJECUCIÓN DEL PROYECTO. | C12: MES | D12: 5513000
A13: EQ006 | B13: MOTO ALQUILER MODELO 2014 O SUPERIOR - TARIFA DE ALQUILER | C13: MES | D13: 422000
A14: EQ007 | B14: TARIFA PUESTO DE TRABAJO DEL PERSONAL DE OFICINA DE CAMPO, INCLUYE: ALQUILER DE UN (1) EQUIPO DE COMPUTO COMPLETO, ESCRITORIO, SILLA Y OTROS ENSERES DE OFICINA POR PUESTO DE TRABAJO | C14: MES | D14: 50000
A15: EQ008 | B15: IMPRESORA EN OBRA (ALQUILER) | C15: MES | D15: 40000
A16: EQ009 | B16: COMUNICACIONES (TELÉFONO, FAX, CELULAR, INTERNET, ETC.) MENSUAL EN CAMPO | C16: MES | D16: 40000
A17: EQ010 | B17: RADIOTELÉFONOS PARE-SIGA | C17: MES | D17: 51800
A18: EQ011 | B18: ALQUILER BAÑOS PORTÁTILES + MANTENIMIENTO Y LIMPIEZA | C18: MES | D18: 1200000
A19: EQ012 | B19: EQUIPO COMPLETO PARA GEORREFERENCIACIÓN Y CAPTURA , ALMACENAMIENTO, ANALISIS, TRANSFORMACIÓN Y PRESENTACIÓN DE TODA LA INFORMACIÓN GEOGRÁFICA Y SUS ATRIBUTOS, INCLUYE SOFTWARE | C19: MES | D19: 650000
A20: EQ013 | B20: HERRAMIENTAS DE CAMPO (CÁMARA-EQUIPO DE MEDICIÓN-LASER Y HERRAMIENTA MENOR) | C20: MES | D20: 221640
... A58: EQ051 | B58: Telera de 0,45 x 1,35 m. | C58: día | D58: 307
B61: HADY LORENA VILLA CARVAJAL
B62: SECRETARIA DE PLANEACIÓN E INFRAESTRUCTURA

Sheet POLIZAS OBRA
A1: DEPARTAMENTO DE ANTIOQUIA
A2: ='DATOS INICIALES'!B6 -> MUNICIPIO DE DABEIBA
A3: ='DATOS INICIALES'!B3 -> REPOSICIÓN, AMPLIACIÓN Y REPARACIÓN DE LUMINARIAS QUE HACEN PARTE DE LA RED DE ALUMBRADOPÚBLICO DEL PARQUE PRINCIPAL Y CORREGIMIENTO SAN JOSÉ DE URAMA DEL MUNICIPIO DE DABEIBA.
A5: CÁLCULO DE PÓLIZAS DE OBRA
A6: VALOR DEL CONTRATO ( $ ) | B6: =+PRESUPUESTO!H20 -> 35339806 | C6: =IFERROR(B6/'DATOS INICIALES'!B12,"") -> 27.184466
A7: PLAZO DEL CONTRATO | B7: 6 | C7: =+IFERROR(B7*30,"") -> 180
A8: ANTICIPO | B8: 0 | C8: =+IFERROR(B8*B6,"") -> 0
A10: TIPO DE GARANTÍA | B10: VALOR ASEGURADO | E10: COBERTURA ( DÍAS ) | F10: TASA ANUAL | G10: PRIMA
B11: % | C11: BASE | D11: VALOR
A12: CUMPLIMIENTO | B12: 0.2 | C12: =$B$6 -> 35339806 | D12: =IFERROR(B12*C12,"") -> 7067961.3 | E12: =IFERROR($C$7+180,"") -> 360 | F12: 0.002 | G12: =IFERROR(F12*D12*E12/360,"") -> 14135.923
A13: BUEN MANEJO Y CORRECTA INVERSIÓN DEL ANTICIPO | B13: 1 | C13: =$C$8 -> 0 | D13: =IFERROR(B13*C13,"") -> 0 | E13: =IFERROR($C$7+180,"") -> 360 | F13: 0.0015 | G13: =IFERROR(F13*D13*E13/360,"") -> 0
A14: SALARIOS Y PRESTACIONES SOCIALES | B14: 0.2 | C14: =$B$6 -> 35339806 | D14: =IFERROR(B14*C14,"") -> 7067961.3 | E14: =IFERROR($C$7+1080,"") -> 1260 | F14: 0.0015 | G14: =IFERROR(F14*D14*E14/360,"") -> 37106.797
A15: ESTABILIDAD Y CALIDAD DE LA OBRAS | B15: 0.2 | C15: =$B$6 -> 35339806 | D15: =IFERROR(B15*C15,"") -> 7067961.3 | E15: =IF($B$6="","",1800) -> 1800 | F15: 0.002 | G15: =IFERROR(F15*D15*E15/360,"") -> 70679.613
A16: DECRETO 1082 SMMLV RESPONSABILIDAD CIVIL | B16: SMMLV | C16: MONTO ASEGURABLE | E16: PLAZO MESES | F16: TASA ANUAL | G16: PRIMA
A17: =+IF(B6="","",IF(C6<=1500,200,IF(C6<=2500,300,IF(C6<=5000,400,IF(C6<=10000,500,"5%"))))) -> 200 | B17: ='DATOS INICIALES'!B12 -> 1300000 | C17: =IFERROR(IF(C6>10000,B6+5%,A17*B17),"") -> 260000000 | E17: =B7 -> 6 | F17: 0.002 | G17: =IFERROR(F17*E17*C17/12,"") -> 260000
A18: SUBTOTAL PRIMA | G18: =IF(SUM(G12:G15,G17)=0,"",SUM(G12:G15,G17)) -> 381922.33
A19: GASTOS DE EXPEDICIÓN | G19: =IF(G19="","",20000) -> 20000
A20: IVA | G20: =IFERROR((G18+G19)*0.19,"") -> 76365.243
A21: TOTAL POLIZAS | G21: =IF(G18="","",SUM(G18:G20)) -> 478287.57
A27: HADY LORENA VILLA CARVAJAL
A28: SECRETARIA DE PLANEACIÓN E INFRAESTRUCTURA

Sheet INSUMOS MANO DE OBRA
A1: DEPARTAMENTO DE ANTIOQUIA
A2: ='DATOS INICIALES'!B2 -> MUNICIPIO DE DABEIBA
A3: ='DATOS INICIALES'!B3 -> REPOSICIÓN, AMPLIACIÓN Y REPARACIÓN DE LUMINARIAS QUE HACEN PARTE DE LA RED DE ALUMBRADOPÚBLICO DEL PARQUE PRINCIPAL Y CORREGIMIENTO SAN JOSÉ DE URAMA DEL MUNICIPIO DE DABEIBA.
A5: LISTADO DE INSUMOS - MANO DE OBRA
A7: CÓDIGO | B7: CARGO | C7: CLASE | D7: SALARIO MENSUAL | E7: FACTOR PRESTACIONAL | F7: JORNAL | G7: PRESTACIONES | H7: JORNAL TOTAL
A8: MO001 | B8: =IFERROR(IF(HLOOKUP($A8,FACTORPRESTACIONAL,2,0)="","",HLOOKUP($A8,FACTORPRESTACIONAL,2,0)),"") -> DIRECTOR DE OBRA | C8: =IFERROR(IF(HLOOKUP($A8,FACTORPRESTACIONAL,2,0)="","",HLOOKUP($A8,FACTORPRESTACIONAL,3,0)),"") -> ADMÓN | D8: =IFERROR(IF(HLOOKUP($A8,FACTORPRESTACIONAL,2,0)="","",HLOOKUP($A8,FACTORPRESTACIONAL,5,0)),"") -> 6500000 | E8: =IFERROR(IF(HLOOKUP($A8,FACTORPRESTACIONAL,2,0)="","",HLOOKUP($A8,FACTORPRESTACIONAL,26,0)),"") -> 1.5 | F8: =IFERROR(IF(HLOOKUP($A8,FACTORPRESTACIONAL,2,0)="","",HLOOKUP($A8,FACTORPRESTACIONAL,24,0)),"") -> 213699 | G8: =IFERROR(IF(HLOOKUP($A8,FACTORPRESTACIONAL,2,0)="","",HLOOKUP($A8,FACTORPRESTACIONAL,25,0)),"") -> 106911 | H8: =IFERROR(F8+G8,"") -> 320610
A9: MO002 | B9: =IFERROR(IF(HLOOKUP($A9,FACTORPRESTACIONAL,2,0)="","",HLOOKUP($A9,FACTORPRESTACIONAL,2,0)),"") -> DIRECTOR DE INTERVENTORÍA | C9: =IFERROR(IF(HLOOKUP($A9,FACTORPRESTACIONAL,2,0)="","",HLOOKUP($A9,FACTORPRESTACIONAL,3,0)),"") -> ADMÓN | D9: =IFERROR(IF(HLOOKUP($A9,FACTORPRESTACIONAL,2,0)="","",HLOOKUP($A9,FACTORPRESTACIONAL,5,0)),"") -> 6500000 | E9: =IFERROR(IF(HLOOKUP($A9,FACTORPRESTACIONAL,2,0)="","",HLOOKUP($A9,FACTORPRESTACIONAL,26,0)),"") -> 1.5 | F9: =IFERROR(IF(HLOOKUP($A9,FACTORPRESTACIONAL,2,0)="","",HLOOKUP($A9,FACTORPRESTACIONAL,24,0)),"") -> 213699 | G9: =IFERROR(IF(HLOOKUP($A9,FACTORPRESTACIONAL,2,0)="","",HLOOKUP($A9,FACTORPRESTACIONAL,25,0)),"") -> 106911 | H9: =IFERROR(F9+G9,"") -> 320610
A10: MO003 | B10: =IFERROR(IF(HLOOKUP($A10,FACTORPRESTACIONAL,2,0)="","",HLOOKUP($A10,FACTORPRESTACIONAL,2,0)),"") -> RESIDENTE DE OBRA | C10: =IFERROR(IF(HLOOKUP($A10,FACTORPRESTACIONAL,2,0)="","",HLOOKUP($A10,FACTORPRESTACIONAL,3,0)),"") -> ADMÓN | D10: =IFERROR(IF(HLOOKUP($A10,FACTORPRESTACIONAL,2,0)="","",HLOOKUP($A10,FACTORPRESTACIONAL,5,0)),"") -> 5200000 | E10: =IFERROR(IF(HLOOKUP($A10,FACTORPRESTACIONAL,2,0)="","",HLOOKUP($A10,FACTORPRESTACIONAL,26,0)),"") -> 1.5 | F10: =IFERROR(IF(HLOOKUP($A10,FACTORPRESTACIONAL,2,0)="","",HLOOKUP($A10,FACTORPRESTACIONAL,24,0)),"") -> 170959 | G10: =IFERROR(IF(HLOOKUP($A10,FACTORPRESTACIONAL,2,0)="","",HLOOKUP($A10,FACTORPRESTACIONAL,25,0)),"") -> 86011 | H10: =IFERROR(F10+G10,"") -> 256970
A11: MO004 | B11: =IFERROR(IF(HLOOKUP($A11,FACTORPRESTACIONAL,2,0)="","",HLOOKUP($A11,FACTORPRESTACIONAL,2,0)),"") -> RESIDENTE DE INTERVENTORÍA | C11: =IFERROR(IF(HLOOKUP($A11,FACTORPRESTACIONAL,2,0)="","",HLOOKUP($A11,FACTORPRESTACIONAL,3,0)),"") -> ADMÓN | D11: =IFERROR(IF(HLOOKUP($A11,FACTORPRESTACIONAL,2,0)="","",HLOOKUP($A11,FACTORPRESTACIONAL,5,0)),"") -> 5200000 | E11: =IFERROR(IF(HLOOKUP($A11,FACTORPRESTACIONAL,2,0)="","",HLOOKUP($A11,FACTORPRESTACIONAL,26,0)),"") -> 1.5 | F11: =IFERROR(IF(HLOOKUP($A11,FACTORPRESTACIONAL,2,0)="","",HLOOKUP($A11,FACTORPRESTACIONAL,24,0)),"") -> 170959 | G11: =IFERROR(IF(HLOOKUP($A11,FACTORPRESTACIONAL,2,0)="","",HLOOKUP($A11,FACTORPRESTACIONAL,25,0)),"") -> 86011 | H11: =IFERROR(F11+G11,"") -> 256970
A12: MO005 | B12: =IFERROR(IF(HLOOKUP($A12,FACTORPRESTACIONAL,2,0)="","",HLOOKUP($A12,FACTORPRESTACIONAL,2,0)),"") -> RESIDENTE AMBIENTAL | C12: =IFERROR(IF(HLOOKUP($A12,FACTORPRESTACIONAL,2,0)="","",HLOOKUP($A12,FACTORPRESTACIONAL,3,0)),"") -> ADMÓN | D12: =IFERROR(IF(HLOOKUP($A12,FACTORPRESTACIONAL,2,0)="","",HLOOKUP($A12,FACTORPRESTACIONAL,5,0)),"") -> 3900000 | E12: =IFERROR(IF(HLOOKUP($A12,FACTORPRESTACIONAL,2,0)="","",HLOOKUP($A12,FACTORPRESTACIONAL,26,0)),"") -> 1.51 | F12: =IFERROR(IF(HLOOKUP($A12,FACTORPRESTACIONAL,2,0)="","",HLOOKUP($A12,FACTORPRESTACIONAL,24,0)),"") -> 128219 | G12: =IFERROR(IF(HLOOKUP($A12,FACTORPRESTACIONAL,2,0)="","",HLOOKUP($A12,FACTORPRESTACIONAL,25,0)),"") -> 65112 | H12: =IFERROR(F12+G12,"") -> 193331
A13: MO006 | B13: =IFERROR(IF(HLOOKUP($A13,FACTORPRESTACIONAL,2,0)="","",HLOOKUP($A13,FACTORPRESTACIONAL,2,0)),"") -> RESIDENTE SOCIAL | C13: =IFERROR(IF(HLOOKUP($A13,FACTORPRESTACIONAL,2,0)="","",HLOOKUP($A13,FACTORPRESTACIONAL,3,0)),"") -> ADMÓN | D13: =IFERROR(IF(HLOOKUP($A13,FACTORPRESTACIONAL,2,0)="","",HLOOKUP($A13,FACTORPRESTACIONAL,5,0)),"") -> 3900000 | E13: =IFERROR(IF(HLOOKUP($A13,FACTORPRESTACIONAL,2,0)="","",HLOOKUP($A13,FACTORPRESTACIONAL,26,0)),"") -> 1.51 | F13: =IFERROR(IF(HLOOKUP($A13,FACTORPRESTACIONAL,2,0)="","",HLOOKUP($A13,FACTORPRESTACIONAL,24,0)),"") -> 128219 | G13: =IFERROR(IF(HLOOKUP($A13,FACTORPRESTACIONAL,2,0)="","",HLOOKUP($A13,FACTORPRESTACIONAL,25,0)),"") -> 65112 | H13: =IFERROR(F13+G13,"") -> 193331
A14: MO007 | B14: =IFERROR(IF(HLOOKUP($A14,FACTORPRESTACIONAL,2,0)="","",HLOOKUP($A14,FACTORPRESTACIONAL,2,0)),"") -> AUXILIAR DE RESIDENCIA | C14: =IFERROR(IF(HLOOKUP($A14,FACTORPRESTACIONAL,2,0)="","",HLOOKUP($A14,FACTORPRESTACIONAL,3,0)),"") -> ADMÓN | D14: =IFERROR(IF(HLOOKUP($A14,FACTORPRESTACIONAL,2,0)="","",HLOOKUP($A14,FACTORPRESTACIONAL,5,0)),"") -> 2990000 | E14: =IFERROR(IF(HLOOKUP($A14,FACTORPRESTACIONAL,2,0)="","",HLOOKUP($A14,FACTORPRESTACIONAL,26,0)),"") -> 1.51 | F14: =IFERROR(IF(HLOOKUP($A14,FACTORPRESTACIONAL,2,0)="","",HLOOKUP($A14,FACTORPRESTACIONAL,24,0)),"") -> 98301 | G14: =IFERROR(IF(HLOOKUP($A14,FACTORPRESTACIONAL,2,0)="","",HLOOKUP($A14,FACTORPRESTACIONAL,25,0)),"") -> 50482 | H14: =IFERROR(F14+G14,"") -> 148783
A15: MO008 | B15: =IFERROR(IF(HLOOKUP($A15,FACTORPRESTACIONAL,2,0)="","",HLOOKUP($A15,FACTORPRESTACIONAL,2,0)),"") -> TECNÓLOGO SST | C15: =IFERROR(IF(HLOOKUP($A15,FACTORPRESTACIONAL,2,0)="","",HLOOKUP($A15,FACTORPRESTACIONAL,3,0)),"") -> ADMÓN | D15: =IFERROR(IF(HLOOKUP($A15,FACTORPRESTACIONAL,2,0)="","",HLOOKUP($A15,FACTORPRESTACIONAL,5,0)),"") -> 2301000 | E15: =IFERROR(IF(HLOOKUP($A15,FACTORPRESTACIONAL,2,0)="","",HLOOKUP($A15,FACTORPRESTACIONAL,26,0)),"") -> 1.64 | F15: =IFERROR(IF(HLOOKUP($A15,FACTORPRESTACIONAL,2,0)="","",HLOOKUP($A15,FACTORPRESTACIONAL,24,0)),"") -> 75649 | G15: =IFERROR(IF(HLOOKUP($A15,FACTORPRESTACIONAL,2,0)="","",HLOOKUP($A15,FACTORPRESTACIONAL,25,0)),"") -> 48371 | H15: =IFERROR(F15+G15,"") -> 124020
A16: MO009 | B16: =IFERROR(IF(HLOOKUP($A16,FACTORPRESTACIONAL,2,0)="","",HLOOKUP($A16,FACTORPRESTACIONAL,2,0)),"") -> ASESOR LEGAL | C16: =IFERROR(IF(HLOOKUP($A16,FACTORPRESTACIONAL,2,0)="","",HLOOKUP($A16,FACTORPRESTACIONAL,3,0)),"") -> ADMÓN | D16: =IFERROR(IF(HLOOKUP($A16,FACTORPRESTACIONAL,2,0)="","",HLOOKUP($A16,FACTORPRESTACIONAL,5,0)),"") -> 8710000 | E16: =IFERROR(IF(HLOOKUP($A16,FACTORPRESTACIONAL,2,0)="","",HLOOKUP($A16,FACTORPRESTACIONAL,26,0)),"") -> 1.5 | F16: =IFERROR(IF(HLOOKUP($A16,FACTORPRESTACIONAL,2,0)="","",HLOOKUP($A16,FACTORPRESTACIONAL,24,0)),"") -> 286356 | G16: =IFERROR(IF(HLOOKUP($A16,FACTORPRESTACIONAL,2,0)="","",HLOOKUP($A16,FACTORPRESTACIONAL,25,0)),"") -> 142441 | H16: =IFERROR(F16+G16,"") -> 428797
A17: MO010 | B17: =IFERROR(IF(HLOOKUP($A17,FACTORPRESTACIONAL,2,0)="","",HLOOKUP($A17,FACTORPRESTACIONAL,2,0)),"") -> CONTADOR | C17: =IFERROR(IF(HLOOKUP($A17,FACTORPRESTACIONAL,2,0)="","",HLOOKUP($A17,FACTORPRESTACIONAL,3,0)),"") -> ADMÓN | D17: =IFERROR(IF(HLOOKUP($A17,FACTORPRESTACIONAL,2,0)="","",HLOOKUP($A17,FACTORPRESTACIONAL,5,0)),"") -> 5980000 | E17: =IFERROR(IF(HLOOKUP($A17,FACTORPRESTACIONAL,2,0)="","",HLOOKUP($A17,FACTORPRESTACIONAL,26,0)),"") -> 1.5 | F17: =IFERROR(IF(HLOOKUP($A17,FACTORPRESTACIONAL,2,0)="","",HLOOKUP($A17,FACTORPRESTACIONAL,24,0)),"") -> 196603 | G17: =IFERROR(IF(HLOOKUP($A17,FACTORPRESTACIONAL,2,0)="","",HLOOKUP($A17,FACTORPRESTACIONAL,25,0)),"") -> 98551 | H17: =IFERROR(F17+G17,"") -> 295154
A18: MO011 | B18: =IFERROR(IF(HLOOKUP($A18,FACTORPRESTACIONAL,2,0)="","",HLOOKUP($A18,FACTORPRESTACIONAL,2,0)),"") -> ALMACENISTA | C18: =IFERROR(IF(HLOOKUP($A18,FACTORPRESTACIONAL,2,0)="","",HLOOKUP($A18,FACTORPRESTACIONAL,3,0)),"") -> ADMÓN | D18: =IFERROR(IF(HLOOKUP($A18,FACTORPRESTACIONAL,2,0)="","",HLOOKUP($A18,FACTORPRESTACIONAL,5,0)),"") -> 2405000 | E18: =IFERROR(IF(HLOOKUP($A18,FACTORPRESTACIONAL,2,0)="","",HLOOKUP($A18,FACTORPRESTACIONAL,26,0)),"") -> 1.63 | F18: =IFERROR(IF(HLOOKUP($A18,FACTORPRESTACIONAL,2,0)="","",HLOOKUP($A18,FACTORPRESTACIONAL,24,0)),"") -> 79068 | G18: =IFERROR(IF(HLOOKUP($A18,FACTORPRESTACIONAL,2,0)="","",HLOOKUP($A18,FACTORPRESTACIONAL,25,0)),"") -> 50043 | H18: =IFERROR(F18+G18,"") -> 129111
A19: MO012 | B19: =IFERROR(IF(HLOOKUP($A19,FACTORPRESTACIONAL,2,0)="","",HLOOKUP($A19,FACTORPRESTACIONAL,2,0)),"") -> AUXILIAR DE ALMACÉN | C19: =IFERROR(IF(HLOOKUP($A19,FACTORPRESTACIONAL,2,0)="","",HLOOKUP($A19,FACTORPRESTACIONAL,3,0)),"") -> ADMÓN | D19: =IFERROR(IF(HLOOKUP($A19,FACTORPRESTACIONAL,2,0)="","",HLOOKUP($A19,FACTORPRESTACIONAL,5,0)),"") -> 1885000 | E19: =IFERROR(IF(HLOOKUP($A19,FACTORPRESTACIONAL,2,0)="","",HLOOKUP($A19,FACTORPRESTACIONAL,26,0)),"") -> 1.67 | F19: =IFERROR(IF(HLOOKUP($A19,FACTORPRESTACIONAL,2,0)="","",HLOOKUP($A19,FACTORPRESTACIONAL,24,0)),"") -> 61973 | G19: =IFERROR(IF(HLOOKUP($A19,FACTORPRESTACIONAL,2,0)="","",HLOOKUP($A19,FACTORPRESTACIONAL,25,0)),"") -> 41683 | H19: =IFERROR(F19+G19,"") -> 103656
... A61: MO054 | B61: =IFERROR(IF(HLOOKUP($A61,FACTORPRESTACIONAL,2,0)="","",HLOOKUP($A61,FACTORPRESTACIONAL,2,0)),"") -> TÉCNICO AMBIENTAL | C61: =IFERROR(IF(HLOOKUP($A61,FACTORPRESTACIONAL,2,0)="","",HLOOKUP($A61,FACTORPRESTACIONAL,3,0)),"") -> ADMÓN | D61: =IFERROR(IF(HLOOKUP($A61,FACTORPRESTACIONAL,2,0)="","",HLOOKUP($A61,FACTORPRESTACIONAL,5,0)),"") -> 2301000 | E61: =IFERROR(IF(HLOOKUP($A61,FACTORPRESTACIONAL,2,0)="","",HLOOKUP($A61,FACTORPRESTACIONAL,26,0)),"") -> 1.64 | F61: =IFERROR(IF(HLOOKUP($A61,FACTORPRESTACIONAL,2,0)="","",HLOOKUP($A61,FACTORPRESTACIONAL,24,0)),"") -> 75649 | G61: =IFERROR(IF(HLOOKUP($A61,FACTORPRESTACIONAL,2,0)="","",HLOOKUP($A61,FACTORPRESTACIONAL,25,0)),"") -> 48371 | H61: =IFERROR(F61+G61,"") -> 124020
B70: HADY LORENA VILLA CARVAJAL
B71: SECRETARIA DE PLANEACIÓN E INFRAESTRUCTURA

Sheet INSUMOS TRANSPORTES
A1: DEPARTAMENTO DE ANTIOQUIA
A2: ='DATOS INICIALES'!B6 -> MUNICIPIO DE DABEIBA
A3: ='DATOS INICIALES'!B3 -> REPOSICIÓN, AMPLIACIÓN Y REPARACIÓN DE LUMINARIAS QUE HACEN PARTE DE LA RED DE ALUMBRADOPÚBLICO DEL PARQUE PRINCIPAL Y CORREGIMIENTO SAN JOSÉ DE URAMA DEL MUNICIPIO DE DABEIBA.
A5: LISTADO DE INSUMOS - TRANSPORTES
A7: CÓDIGO | B7: DESCRIPCIÓN | C7: UNIDAD | D7: VALOR UNITARIO
A8: TR001 | B8: TRANSPORTE DE INSUMOS GENERALES 151-310 KM | C8: TON-KM | D8: 560
A9: TR002 | B9: TRANSPORTE DE MATERIALES DE PLAYA (ARENILLON, PIEDRA RODADA DE RIO DMAX=1") 0-1KM | C9: M3-KM | D9: 6100
A10: TR003 | B10: TRANSPORTE DE MATERIAL DE EXCAVACIÓN | C10: M3-KM | D10: 1500
A11: TR004 | B11: TRANSPORTE DE ESCOMBROS | C11: M3-KM | D11: 1500
A12: TR005 | B12: TRANSPORTE DE MATERIALES GRANULARES | C12: M3-KM | D12: 1500
A13: TR006 | B13: TRANSPORTE DE MEZCLAS ASFÁLTICAS | C13: TON-KM | D13: 1500
A14: TR007 | B14: TRANSPORTE DE INSUMOS GENERALES 0-10 KM | C14: TON-KM | D14: 4250
A15: TR008 | B15: TRANSPORTE DE INSUMOS GENERALES 11-30 KM | C15: TON-KM | D15: 2480
A16: TR009 | B16: TRANSPORTE DE INSUMOS GENERALES 31-70 KM | C16: TON-KM | D16: 1300
A17: TR010 | B17: TRANSPORTE DE INSUMOS GENERALES 71-150 KM | C17: TON-KM | D17: 860
A18: TR011 | B18: TRANSPORTE DE INSUMOS GENERALES 151-310 KM | C18: TON-KM | D18: 560
A19: TR012 | B19: TRANSPORTE DE INSUMOS GENERALES MAYOR A 310 KM | C19: TON-KM | D19: 280
... A27: TR020 | B27: TRANSPORTE DE MATERIALES (TRITURADO), 0-54 KM | C27: M3 | D27: 950
B34: HADY LORENA VILLA CARVAJAL
B35: SECRETARIA DE PLANEACIÓN E INFRAESTRUCTURA

Sheet FACTOR PRESTACIONAL
B1: DEPARTAMENTO DE ANTIOQUIA | P1: DEPARTAMENTO DE ANTIOQUIA | AD1: DEPARTAMENTO DE ANTIOQUIA | AR1: DEPARTAMENTO DE ANTIOQUIA
B2: ='DATOS INICIALES'!$B$2 -> MUNICIPIO DE DABEIBA | P2: ='DATOS INICIALES'!$B$2 -> MUNICIPIO DE DABEIBA | AD2: ='DATOS INICIALES'!$B$2 -> MUNICIPIO DE DABEIBA | AR2: ='DATOS INICIALES'!$B$2 -> MUNICIPIO DE DABEIBA
B3: ='DATOS INICIALES'!$B$3 -> REPOSICIÓN, AMPLIACIÓN Y REPARACIÓN DE LUMINARIAS QUE HACEN PARTE DE LA RED DE ALUMBRADOPÚBLICO DEL PARQUE PRINCIPAL Y CORREGIMIENTO SAN JOSÉ DE URAMA DEL MUNICIPIO DE DABEIBA. | P3: ='DATOS INICIALES'!$B$3 -> REPOSICIÓN, AMPLIACIÓN Y REPARACIÓN DE LUMINARIAS QUE HACEN PARTE DE LA RED DE ALUMBRADOPÚBLICO DEL PARQUE PRINCIPAL Y CORREGIMIENTO SAN JOSÉ DE URAMA DEL MUNICIPIO DE DABEIBA. | AD3: ='DATOS INICIALES'!$B$3 -> REPOSICIÓN, AMPLIACIÓN Y REPARACIÓN DE LUMINARIAS QUE HACEN PARTE DE LA RED DE ALUMBRADOPÚBLICO DEL PARQUE PRINCIPAL Y CORREGIMIENTO SAN JOSÉ DE URAMA DEL MUNICIPIO DE DABEIBA. | AR3: ='DATOS INICIALES'!$B$3 -> REPOSICIÓN, AMPLIACIÓN Y REPARACIÓN DE LUMINARIAS QUE HACEN PARTE DE LA RED DE ALUMBRADOPÚBLICO DEL PARQUE PRINCIPAL Y CORREGIMIENTO SAN JOSÉ DE URAMA DEL MUNICIPIO DE DABEIBA.
B5: CÁLCULO DE FACTOR PRESTACIONAL | P5: CÁLCULO DE FACTOR PRESTACIONAL | AD5: CÁLCULO DE FACTOR PRESTACIONAL | AR5: CÁLCULO DE FACTOR PRESTACIONAL
A7: CÓDIGO | B7: MO001 | C7: MO002 | D7: MO003 | E7: MO004 | F7: MO005 | G7: MO006 | H7: MO007 | I7: MO008 | J7: MO009 | K7: MO010 | L7: MO011 | M7: MO012 | N7: MO013 | O7: MO014 | P7: MO015 | Q7: MO016 | R7: MO017 | S7: MO018 | T7: MO019 | U7: MO020 | V7: MO021 | W7: MO022 | X7: MO023 | Y7: MO024 | Z7: MO025 | AA7: MO026 | AB7: MO027 | AC7: MO028 | AD7: MO029 | AE7: MO030 | AF7: MO031 | AG7: MO032 | AH7: MO033 | AI7: MO034 | AJ7: MO035 | AK7: MO036 | AL7: MO037 | AM7: MO038 | AN7: MO039 | AO7: MO040 | AP7: MO041 | AQ7: MO042 | AR7: MO043 | AS7: MO044 | AT7: MO045 | AU7: MO046 | AV7: MO047 | AW7: MO048 | AX7: MO049 | AY7: MO050 | AZ7: MO051 | BA7: MO052 | BB7: MO053 | BC7: MO054 | BD7: MO055 | BE7: MO056
A8: CARGO | B8: DIRECTOR DE OBRA | C8: DIRECTOR DE INTERVENTORÍA | D8: RESIDENTE DE OBRA | E8: RESIDENTE DE INTERVENTORÍA | F8: RESIDENTE AMBIENTAL | G8: RESIDENTE SOCIAL | H8: AUXILIAR DE RESIDENCIA | I8: TECNÓLOGO SST | J8: ASESOR LEGAL | K8: CONTADOR | L8: ALMACENISTA | M8: AUXILIAR DE ALMACÉN | N8: SECRETARIA | O8: MENSAJERO | P8: VIGILANTE | Q8: TOPÓGRAFO | R8: CADENERO 1 | S8: CADENERO 2 | T8: MAESTRO PRIMERO | U8: MAESTRO SEGUNDO | V8: OFICIAL ELÉCTRICO | W8: AYUDANTE ELÉCTRICO | X8: OFICIAL PLOMERO | Y8: AYUDANTE PLOMERO | Z8: OFICIAL CARPINTERO | AA8: AYUDANTE CARPINTERO | AB8: OFICIAL PINTOR | AC8: OFICIAL DE OBRA BLANCA | AD8: OFICIAL DE OBRA NEGRA | AE8: OFICIAL HIERRO | AF8: AYUDANTE ENTENDIDO | AG8: AYUDANTE RASO | AH8: OPERADOR EQUIPO LIVIANO | AI8: OPERADOR EQUIPO MEDIANO | AJ8: OPERADOR EQUIPO PESADO | AK8: AUXILIAR HERRAMIENTA | AL8: PATIERO | AM8: AUXILIAR PARE-SIGA | AN8: INGENIERO SIG | AO8: TECNÓLOGO SIG | AP8: DIRECTOR DE CONSULTORÍA | AQ8: DIBUJANTE | AR8: INGENIERO ESPECIALISTA GEOTECNIA | AS8: GEÓLOGO | AT8: ARQUITECTO ESPECIALISTA URBANISMO | AU8: ARQUITECTO ESPECIALISTA PAISAJISMO | AV8: ARQUITECTO DISEÑADOR | AW8: INGENIERO ESPECIALISTA ESTRUCTURAL | AX8: INGENIERO REVISOR ESTRUCTURAL | AY8: INGENIERO ESPECIALISTA HIDRÁULICO | AZ8: INGENIERO ELECTRICISTA | BA8: INGENIERO AMBIENTAL | BB8: INGENIERO FORESTAL | BC8: TÉCNICO AMBIENTAL
A9: CLASE | B9: ADMÓN | C9: ADMÓN | D9: ADMÓN | E9: ADMÓN | F9: ADMÓN | G9: ADMÓN | H9: ADMÓN | I9: ADMÓN | J9: ADMÓN | K9: ADMÓN | L9: ADMÓN | M9: ADMÓN | N9: ADMÓN | O9: ADMÓN | P9: ADMÓN | Q9: OBRA | R9: OBRA | S9: OBRA | T9: OBRA | U9: OBRA | V9: OBRA | W9: OBRA | X9: OBRA | Y9: OBRA | Z9: OBRA | AA9: OBRA | AB9: OBRA | AC9: OBRA | AD9: OBRA | AE9: OBRA | AF9: OBRA | AG9: OBRA | AH9: OBRA | AI9: OBRA | AJ9: OBRA | AK9: OBRA | AL9: OBRA | AM9: OBRA | AN9: ADMÓN | AO9: ADMÓN | AP9: ADMÓN | AQ9: ADMÓN | AR9: ADMÓN | AS9: ADMÓN | AT9: ADMÓN | AU9: ADMÓN | AV9: ADMÓN | AW9: ADMÓN | AX9: ADMÓN | AY9: ADMÓN | AZ9: ADMÓN | BA9: ADMÓN | BB9: ADMÓN | BC9: ADMÓN
A10: SALARIO MENSUAL SMMLV | B10: 5 | C10: 5 | D10: 4 | E10: 4 | F10: 3 | G10: 3 | H10: 2.3 | I10: 1.77 | J10: 6.7 | K10: 4.6 | L10: 1.85 | M10: 1.45 | N10: 1 | O10: 1 | P10: 1 | Q10: 4.8 | R10: 2.35 | S10: 1.35 | T10: 3 | U10: 2.3 | V10: 2.75 | W10: 1.3 | X10: 2 | Y10: 1.2 | Z10: 2 | AA10: 1.1 | AB10: 2 | AC10: 2 | AD10: 2 | AE10: 2 | AF10: 1.3 | AG10: 1 | AH10: 1.3 | AI10: 2.25 | AJ10: 3.2 | AK10: 1 | AL10: 1 | AM10: 1 | AN10: 5 | AO10: 2.3 | AP10: 6.7 | AQ10: 2.3 | AR10: 6 | AS10: 5.5 | AT10: 6 | AU10: 6 | AV10: 5.5 | AW10: 6 | AX10: 6 | AY10: 6 | AZ10: 5.5 | BA10: 5.5 | BB10: 5.5 | BC10: 1.77
A11: (A) SALARIO MES | B11: =ROUND(B10*'DATOS INICIALES'!$B$12,0) -> 6500000 | C11: =ROUND(C10*'DATOS INICIALES'!$B$12,0) -> 6500000 | D11: =ROUND(D10*'DATOS INICIALES'!$B$12,0) -> 5200000 | E11: =ROUND(E10*'DATOS INICIALES'!$B$12,0) -> 5200000 | F11: =ROUND(F10*'DATOS INICIALES'!$B$12,0) -> 3900000 | G11: =ROUND(G10*'DATOS INICIALES'!$B$12,0) -> 3900000 | H11: =ROUND(H10*'DATOS INICIALES'!$B$12,0) -> 2990000 | I11: =ROUND(I10*'DATOS INICIALES'!$B$12,0) -> 2301000 | ... BE11: =ROUND(BE10*'DATOS INICIALES'!$B$12,0) -> 0
A12: (B) AUXILIO TRANSPORTE MES | B12: =IF(B10<=2,'DATOS INICIALES'!$B$13,0) -> 0 | C12: =IF(C10<=2,'DATOS INICIALES'!$B$13,0) -> 0 | D12: =IF(D10<=2,'DATOS INICIALES'!$B$13,0) -> 0 | E12: =IF(E10<=2,'DATOS INICIALES'!$B$13,0) -> 0 | F12: =IF(F10<=2,'DATOS INICIALES'!$B$13,0) -> 0 | G12: =IF(G10<=2,'DATOS INICIALES'!$B$13,0) -> 0 | H12: =IF(H10<=2,'DATOS INICIALES'!$B$13,0) -> 0 | I12: =IF(I10<=2,'DATOS INICIALES'!$B$13,0) -> 162000 | ... BE12: =IF(BE10<=2,'DATOS INICIALES'!$B$13,0) -> 162000
A13: (C) SUELDO ANUAL (A x 12) | B13: =+ROUND(B11*12,0) -> 78000000 | C13: =+ROUND(C11*12,0) -> 78000000 | D13: =+ROUND(D11*12,0) -> 62400000 | E13: =+ROUND(E11*12,0) -> 62400000 | F13: =+ROUND(F11*12,0) -> 46800000 | G13: =+ROUND(G11*12,0) -> 46800000 | H13: =+ROUND(H11*12,0) -> 35880000 | I13: =+ROUND(I11*12,0) -> 27612000 | ... BE13: =+ROUND(BE11*12,0) -> 0
A14: (D) AUXILIO TRANSPORTE ANUAL (B x 12) | B14: =+ROUND(B12*12,0) -> 0 | C14: =+ROUND(C12*12,0) -> 0 | D14: =+ROUND(D12*12,0) -> 0 | E14: =+ROUND(E12*12,0) -> 0 | F14: =+ROUND(F12*12,0) -> 0 | G14: =+ROUND(G12*12,0) -> 0 | H14: =+ROUND(H12*12,0) -> 0 | I14: =+ROUND(I12*12,0) -> 1944000 | ... BE14: =+ROUND(BE12*12,0) -> 1944000
A15: (F) CESANTIAS (C + D) x12% | B15: =ROUND((B13+B14)*0.12,0) -> 9360000 | C15: =ROUND((C13+C14)*0.12,0) -> 9360000 | D15: =ROUND((D13+D14)*0.12,0) -> 7488000 | E15: =ROUND((E13+E14)*0.12,0) -> 7488000 | F15: =ROUND((F13+F14)*0.12,0) -> 5616000 | G15: =ROUND((G13+G14)*0.12,0) -> 5616000 | H15: =ROUND((H13+H14)*0.12,0) -> 4305600 | I15: =ROUND((I13+I14)*0.12,0) -> 3546720 | ... BE15: =ROUND((BE13+BE14)*0.12,0) -> 233280
A16: INTERES DE CESANTIA (F x 12%) | B16: =ROUND(B15*0.12,0) -> 1123200 | C16: =ROUND(C15*0.12,0) -> 1123200 | D16: =ROUND(D15*0.12,0) -> 898560 | E16: =ROUND(E15*0.12,0) -> 898560 | F16: =ROUND(F15*0.12,0) -> 673920 | G16: =ROUND(G15*0.12,0) -> 673920 | H16: =ROUND(H15*0.12,0) -> 516672 | I16: =ROUND(I15*0.12,0) -> 425606 | ... BE16: =ROUND(BE15*0.12,0) -> 27994
A17: VACACIONES (A + B) / 2 | B17: =ROUND((B11+B12)/2,0) -> 3250000 | C17: =ROUND((C11+C12)/2,0) -> 3250000 | D17: =ROUND((D11+D12)/2,0) -> 2600000 | E17: =ROUND((E11+E12)/2,0) -> 2600000 | F17: =ROUND((F11+F12)/2,0) -> 1950000 | G17: =ROUND((G11+G12)/2,0) -> 1950000 | H17: =ROUND((H11+H12)/2,0) -> 1495000 | I17: =ROUND((I11+I12)/2,0) -> 1231500 | ... BE17: =ROUND((BE11+BE12)/2,0) -> 81000
A18: PRIMA DE SERVICIOS (A + B) | B18: =B11+B12 -> 6500000 | C18: =C11+C12 -> 6500000 | D18: =D11+D12 -> 5200000 | E18: =E11+E12 -> 5200000 | F18: =F11+F12 -> 3900000 | G18: =G11+G12 -> 3900000 | H18: =H11+H12 -> 2990000 | I18: =I11+I12 -> 2463000 | ... BE18: =BE11+BE12 -> 162000
A19: FONDO INDUSTRIA DE LA CONSTRUCCIÓN SENA - FIC (SMMLV x 12 / 40) | B19: =ROUND(('DATOS INICIALES'!$B$12*12)/40,0) -> 390000 | C19: =ROUND(('DATOS INICIALES'!$B$12*12)/40,0) -> 390000 | D19: =ROUND(('DATOS INICIALES'!$B$12*12)/40,0) -> 390000 | E19: =ROUND(('DATOS INICIALES'!$B$12*12)/40,0) -> 390000 | F19: =ROUND(('DATOS INICIALES'!$B$12*12)/40,0) -> 390000 | G19: =ROUND(('DATOS INICIALES'!$B$12*12)/40,0) -> 390000 | H19: =ROUND(('DATOS INICIALES'!$B$12*12)/40,0) -> 390000 | I19: =ROUND(('DATOS INICIALES'!$B$12*12)/40,0) -> 390000 | ... BE19: =ROUND(('DATOS INICIALES'!$B$12*12)/40,0) -> 390000
A20: EPS (SALUD) - VERIFICAR CREE (C + D) x 8.5% | B20: =IF('DATOS INICIALES'!B14="NO",('FACTOR PRESTACIONAL'!B13+'FACTOR PRESTACIONAL'!B14)*0.085,0) -> 0 | C20: =IF('DATOS INICIALES'!C14="NO",('FACTOR PRESTACIONAL'!C13+'FACTOR PRESTACIONAL'!C14)*0.085,0) -> 0 | D20: =IF('DATOS INICIALES'!D14="NO",('FACTOR PRESTACIONAL'!D13+'FACTOR PRESTACIONAL'!D14)*0.085,0) -> 0 | E20: =IF('DATOS INICIALES'!E14="NO",('FACTOR PRESTACIONAL'!E13+'FACTOR PRESTACIONAL'!E14)*0.085,0) -> 0 | F20: =IF('DATOS INICIALES'!F14="NO",('FACTOR PRESTACIONAL'!F13+'FACTOR PRESTACIONAL'!F14)*0.085,0) -> 0 | G20: =IF('DATOS INICIALES'!G14="NO",('FACTOR PRESTACIONAL'!G13+'FACTOR PRESTACIONAL'!G14)*0.085,0) -> 0 | H20: =IF('DATOS INICIALES'!H14="NO",('FACTOR PRESTACIONAL'!H13+'FACTOR PRESTACIONAL'!H14)*0.085,0) -> 0 | I20: =IF('DATOS INICIALES'!I14="NO",('FACTOR PRESTACIONAL'!I13+'FACTOR PRESTACIONAL'!I14)*0.085,0) -> 0 | ... BE20: =IF('DATOS INICIALES'!BE14="NO",('FACTOR PRESTACIONAL'!BE13+'FACTOR PRESTACIONAL'!BE14)*0.085,0) -> 0
A21: AFP (PENSION) (C + D) x 12% | B21: =ROUND((B13+B14)*0.12,0) -> 9360000 | C21: =ROUND((C13+C14)*0.12,0) -> 9360000 | D21: =ROUND((D13+D14)*0.12,0) -> 7488000 | E21: =ROUND((E13+E14)*0.12,0) -> 7488000 | F21: =ROUND((F13+F14)*0.12,0) -> 5616000 | G21: =ROUND((G13+G14)*0.12,0) -> 5616000 | H21: =ROUND((H13+H14)*0.12,0) -> 4305600 | I21: =ROUND((I13+I14)*0.12,0) -> 3546720 | ... BE21: =ROUND((BE13+BE14)*0.12,0) -> 233280
A22: RIESGOS PROFESIONALES (C + D) x FACTOR DE RIESGO | B22: =ROUND((B13+B14)*'DATOS INICIALES'!$B$17,0) -> 5428800 | C22: =ROUND((C13+C14)*'DATOS INICIALES'!$B$17,0) -> 5428800 | D22: =ROUND((D13+D14)*'DATOS INICIALES'!$B$17,0) -> 4343040 | E22: =ROUND((E13+E14)*'DATOS INICIALES'!$B$17,0) -> 4343040 | F22: =ROUND((F13+F14)*'DATOS INICIALES'!$B$17,0) -> 3257280 | G22: =ROUND((G13+G14)*'DATOS INICIALES'!$B$17,0) -> 3257280 | H22: =ROUND((H13+H14)*'DATOS INICIALES'!$B$17,0) -> 2497248 | I22: =ROUND((I13+I14)*'DATOS INICIALES'!$B$17,0) -> 2057098 | ... BE22: =ROUND((BE13+BE14)*'DATOS INICIALES'!$B$17,0) -> 135302
A23: CAJA DE COMPENSACION (C + D) x 4% | B23: =ROUND((B13+B14)*0.04,0) -> 3120000 | C23: =ROUND((C13+C14)*0.04,0) -> 3120000 | D23: =ROUND((D13+D14)*0.04,0) -> 2496000 | E23: =ROUND((E13+E14)*0.04,0) -> 2496000 | F23: =ROUND((F13+F14)*0.04,0) -> 1872000 | G23: =ROUND((G13+G14)*0.04,0) -> 1872000 | H23: =ROUND((H13+H14)*0.04,0) -> 1435200 | I23: =ROUND((I13+I14)*0.04,0) -> 1182240 | ... BE23: =ROUND((BE13+BE14)*0.04,0) -> 77760
A24: SENA - VERIFICAR CREE (C + D) X 2% | B24: =IF('DATOS INICIALES'!B14="NO",('FACTOR PRESTACIONAL'!B13+'FACTOR PRESTACIONAL'!B14)*0.02,0) -> 0 | C24: =IF('DATOS INICIALES'!C14="NO",('FACTOR PRESTACIONAL'!C13+'FACTOR PRESTACIONAL'!C14)*0.02,0) -> 0 | D24: =IF('DATOS INICIALES'!D14="NO",('FACTOR PRESTACIONAL'!D13+'FACTOR PRESTACIONAL'!D14)*0.02,0) -> 0 | E24: =IF('DATOS INICIALES'!E14="NO",('FACTOR PRESTACIONAL'!E13+'FACTOR PRESTACIONAL'!E14)*0.02,0) -> 0 | F24: =IF('DATOS INICIALES'!F14="NO",('FACTOR PRESTACIONAL'!F13+'FACTOR PRESTACIONAL'!F14)*0.02,0) -> 0 | G24: =IF('DATOS INICIALES'!G14="NO",('FACTOR PRESTACIONAL'!G13+'FACTOR PRESTACIONAL'!G14)*0.02,0) -> 0 | H24: =IF('DATOS INICIALES'!H14="NO",('FACTOR PRESTACIONAL'!H13+'FACTOR PRESTACIONAL'!H14)*0.02,0) -> 0 | I24: =IF('DATOS INICIALES'!I14="NO",('FACTOR PRESTACIONAL'!I13+'FACTOR PRESTACIONAL'!I14)*0.02,0) -> 0 | ... BE24: =IF('DATOS INICIALES'!BE14="NO",('FACTOR PRESTACIONAL'!BE13+'FACTOR PRESTACIONAL'!BE14)*0.02,0) -> 0
A25: ICBF - VERIFICAR CREE (C + D) X 3% | B25: =IF('DATOS INICIALES'!B14="NO",('FACTOR PRESTACIONAL'!B13+'FACTOR PRESTACIONAL'!B14)*0.03,0) -> 0 | C25: =IF('DATOS INICIALES'!C14="NO",('FACTOR PRESTACIONAL'!C13+'FACTOR PRESTACIONAL'!C14)*0.03,0) -> 0 | D25: =IF('DATOS INICIALES'!D14="NO",('FACTOR PRESTACIONAL'!D13+'FACTOR PRESTACIONAL'!D14)*0.03,0) -> 0 | E25: =IF('DATOS INICIALES'!E14="NO",('FACTOR PRESTACIONAL'!E13+'FACTOR PRESTACIONAL'!E14)*0.03,0) -> 0 | F25: =IF('DATOS INICIALES'!F14="NO",('FACTOR PRESTACIONAL'!F13+'FACTOR PRESTACIONAL'!F14)*0.03,0) -> 0 | G25: =IF('DATOS INICIALES'!G14="NO",('FACTOR PRESTACIONAL'!G13+'FACTOR PRESTACIONAL'!G14)*0.03,0) -> 0 | H25: =IF('DATOS INICIALES'!H14="NO",('FACTOR PRESTACIONAL'!H13+'FACTOR PRESTACIONAL'!H14)*0.03,0) -> 0 | I25: =IF('DATOS INICIALES'!I14="NO",('FACTOR PRESTACIONAL'!I13+'FACTOR PRESTACIONAL'!I14)*0.03,0) -> 0 | ... BE25: =IF('DATOS INICIALES'!BE14="NO",('FACTOR PRESTACIONAL'!BE13+'FACTOR PRESTACIONAL'!BE14)*0.03,0) -> 0
A26: EXAMEN DE INGRESO - EGRESO | B26: 100000 | C26: 100000 | D26: 100000 | E26: 100000 | F26: 100000 | G26: 100000 | H26: 100000 | I26: 100000 | J26: 100000 | K26: 100000 | L26: 100000 | M26: 100000 | N26: 100000 | O26: 100000 | P26: 100000 | Q26: 100000 | R26: 100000 | S26: 100000 | T26: 100000 | U26: 100000 | V26: 100000 | W26: 100000 | X26: 100000 | Y26: 100000 | Z26: 100000 | AA26: 100000 | AB26: 100000 | AC26: 100000 | AD26: 100000 | AE26: 100000 | AF26: 100000 | AG26: 100000 | AH26: 100000 | AI26: 100000 | AJ26: 100000 | AK26: 100000 | AL26: 100000 | AM26: 100000 | AN26: 100000 | AO26: 100000 | AP26: 100000 | AQ26: 100000 | AR26: 100000 | AS26: 100000 | AT26: 100000 | AU26: 100000 | AV26: 100000 | AW26: 100000 | AX26: 100000 | AY26: 100000 | AZ26: 100000 | BA26: 100000 | BB26: 100000 | BC26: 100000 | BD26: 100000 | BE26: 100000
A27: DOTACIÓN | B27: =IF(B10<=2,$C$43,0) -> 0 | C27: =IF(C10<=2,$C$43,0) -> 0 | D27: =IF(D10<=2,$C$43,0) -> 0 | E27: =IF(E10<=2,$C$43,0) -> 0 | F27: =IF(F10<=2,$C$43,0) -> 0 | G27: =IF(G10<=2,$C$43,0) -> 0 | H27: =IF(H10<=2,$C$43,0) -> 0 | I27: =IF(I10<=2,$C$43,0) -> 378000 | ... Q27: =IF(Q10<=2,$C$43,0) -> 0 | R27: =IF(R10<=2.35,$C$43,0) -> 378000 | S27: =IF(S10<=2,$C$43,0) -> 378000 | T27: =IF(T10<=2,$C$43,0) -> 0 | U27: =IF(U10<=2,$C$43,0) -> 0 | V27: =IF(V10<=2.75,$C$43,0) -> 378000 | W27: =IF(W10<=2,$C$43,0) -> 378000 | X27: =IF(X10<=2,$C$43,0) -> 378000 | Y27: =IF(Y10<=2,$C$43,0) -> 378000 | Z27: =IF(Z10<=2,$C$43,0) -> 378000 | AA27: =IF(AA10<=2,$C$43,0) -> 378000 | AB27: =IF(AB10<=2,$C$43,0) -> 378000 | AC27: =IF(AC10<=2,$C$43,0) -> 378000 | AD27: =IF(AD10<=2,$C$43,0) -> 378000 | ... AH27: =IF(AH10<=2,$C$43,0) -> 378000 | AI27: =IF(AI10<=2.25,$C$43,0) -> 378000 | AJ27: =IF(AJ10<=3.2,$C$43,0) -> 378000 | AK27: =IF(AK10<=2,$C$43,0) -> 378000 | AL27: =IF(AL10<=2,$C$43,0) -> 378000 | AM27: =IF(AM10<=2,$C$43,0) -> 378000 | AN27: =IF(AN10<=2,$C$43,0) -> 0 | AO27: =IF(AO10<=2,$C$43,0) -> 0 | AP27: =IF(AP10<=2,$C$43,0) -> 0 | AQ27: =IF(AQ10<=2,$C$43,0) -> 0 | AR27: =IF(AR10<=2,$C$43,0) -> 0 | ... BE27: =IF(BE10<=2,$C$43,0) -> 378000
A28: KIT ELEMENTOS DE PROTECCIÓN PERSONAL | B28: =IF(B9="ADMÓN",$F$70,$F$59) -> 390500 | C28: =IF(C9="ADMÓN",$F$70,$F$59) -> 390500 | D28: =IF(D9="ADMÓN",$F$70,$F$59) -> 390500 | E28: =IF(E9="ADMÓN",$F$70,$F$59) -> 390500 | F28: =IF(F9="ADMÓN",$F$70,$F$59) -> 390500 | G28: =IF(G9="ADMÓN",$F$70,$F$59) -> 390500 | H28: =IF(H9="ADMÓN",$F$70,$F$59) -> 390500 | I28: =IF(I9="ADMÓN",$F$70,$F$59) -> 390500 | ... BE28: =IF(BE9="ADMÓN",$F$70,$F$59) -> 662200
A29: TOTAL ANUAL | B29: =SUM(B13:B28) -> 117022500 | C29: =SUM(C13:C28) -> 117022500 | D29: =SUM(D13:D28) -> 93794100 | E29: =SUM(E13:E28) -> 93794100 | F29: =SUM(F13:F28) -> 70565700 | G29: =SUM(G13:G28) -> 70565700 | H29: =SUM(H13:H28) -> 54305820 | I29: =SUM(I13:I28) -> 45267384 | ... BE29: =SUM(BE13:BE28) -> 4424816
A30: JORNAL | B30: =ROUND(B13/365,0) -> 213699 | C30: =ROUND(C13/365,0) -> 213699 | D30: =ROUND(D13/365,0) -> 170959 | E30: =ROUND(E13/365,0) -> 170959 | F30: =ROUND(F13/365,0) -> 128219 | G30: =ROUND(G13/365,0) -> 128219 | H30: =ROUND(H13/365,0) -> 98301 | I30: =ROUND(I13/365,0) -> 75649 | ... BE30: =ROUND(BE13/365,0) -> 0
A31: PRESTACIONES | B31: =ROUND((B29/365-B30),0) -> 106911 | C31: =ROUND((C29/365-C30),0) -> 106911 | D31: =ROUND((D29/365-D30),0) -> 86011 | E31: =ROUND((E29/365-E30),0) -> 86011 | F31: =ROUND((F29/365-F30),0) -> 65112 | G31: =ROUND((G29/365-G30),0) -> 65112 | H31: =ROUND((H29/365-H30),0) -> 50482 | I31: =ROUND((I29/365-I30),0) -> 48371 | ... BE31: =ROUND((BE29/365-BE30),0) -> 12123
A32: FACTOR PRESTACIONAL | B32: =IFERROR(ROUND((B29/B13),2),0) -> 1.5 | C32: =IFERROR(ROUND((C29/C13),2),0) -> 1.5 | D32: =IFERROR(ROUND((D29/D13),2),0) -> 1.5 | E32: =IFERROR(ROUND((E29/E13),2),0) -> 1.5 | F32: =IFERROR(ROUND((F29/F13),2),0) -> 1.51 | G32: =IFERROR(ROUND((G29/G13),2),0) -> 1.51 | H32: =IFERROR(ROUND((H29/H13),2),0) -> 1.51 | I32: =IFERROR(ROUND((I29/I13),2),0) -> 1.64 | ... BE32: =IFERROR(ROUND((BE29/BE13),2),0) -> 0
A37: DESCRIPCIÓN | B37: UNIDAD | C37: VALOR / UN | D37: OBSERVACIONES
A38: Calzado | B38: Par | C38: 56000 | D38: BOTA TRABAJO PUNTA ACERO MIAMI
A39: Pantalón | B39: Unidad | C39: 35000 | D39: JEAN CLASICO LABORAL INDIGO AZUL
A40: Camisa | B40: Unidad | C40: 35000 | D40: BLUSA 3/4 MANGA LARGA CAQUI
A41: Total Dotación | C41: =SUM(C38:C40) -> 126000
A42: Frecuencia | C42: 3
A43: Total anual | C43: =C41*C42 -> 378000
A46: CÁLCULO EPP PARA PERSONAL DE OBRA (NO INCLUYE DOTACIÓN PAPSO)
A47: DESCRIPCIÓN | C47: UNIDAD | D47: CANTIDAD | E47: VR. UNIT. | F47: VR. TOTAL | G47: OBSERVACIONES
A48: CASCO | C48: UN | D48: 1 | E48: 13000 | F48: =+D48*E48 -> 13000 | G48: CASCO ECO TIPO I CREMALLERA 1 ANUAL POR PERSONA
A49: TAFILETES | C49: UN | D49: 2 | E49: 9000 | F49: =+D49*E49 -> 18000 | G49: TAFILETE CINTA CASCO 2 ANUALES ADICIONAL POR PERSONA
A50: GUANTES CARNAZA | C50: PAR | D50: 5.2 | E50: 14000 | F50: =+D50*E50 -> 72800 | G50: GUANTE CARNAZA REFORZADO LARGO 1 SEMANAL CADA 10 PERSONAS (FIERREROS)
A51: GUANTES GENERALES | C51: PAR | D51: 26 | E51: 5000 | F51: =+D51*E51 -> 130000 | G51: GUANTE ALGODÓN LATEX 1 QUINCENAL A CADA TRABAJADOR
A52: GUANTES LARGOS | C52: PAR | D52: 1.3 | E52: 41000 | F52: =+D52*E52 -> 53300 | G52: GUANTE PVC SEMICORRUGADO AZUL MANGA 60CM 1 QUINCENAL CADA 20 PERSONAS (CORTADORES)
A53: CHALECOS REFLECTIVOS | C53: UN | D53: 4 | E53: 23000 | F53: =+D53*E53 -> 92000 | G53: CHALECO CONSTRUCCIÓN 1 TRIMESTRAL A CADA TRABAJADOR
A54: DELANTAL IMPERMEABLE | C54: UN | D54: 0.6 | E54: 25000 | F54: =+D54*E54 -> 15000 | G54: DELANTAL NEGRO VESTIFLEX 81X118CM 1 MENSUAL CADA 20 PERSONAS (CORTADORES)
A55: MONOGAFAS | C55: UN | D55: 10.4 | E55: 5000 | F55: =+D55*E55 -> 52000 | G55: GAFAS DE SEGURIDAD LENTE CLARO 1 SEMANAL CADA 5 TRABAJADORES (DEMOLICIÓN)
A56: TAPONES AUDITIVOS SENCILLOS | C56: UN | D56: 52 | E56: 2400 | F56: =+D56*E56 -> 124800 | G56: TAPON OIDO 32 DECÍBELES DESECHABLE CORDON 1 SEMANAL POR CADA TRABAJADOR
A57: PROTECTORES AUDITIVOS DE COPA | C57: UN | D57: 1.2 | E57: 24000 | F57: =+D57*E57 -> 28800 | G57: PROTECTOR OIDO COPA 23 DECÍBELES 1 MENSUAL CADA 10 TRABAJADORES
A58: ARNÉS DE SEGURIDAD + ESLINGA | C58: UN | D58: 0.25 | E58: 250000 | F58: =+D58*E58 -> 62500 | G58: KIT DE ARNÉS CON ESLINGA INTEGRADA - 3M 1 ANUAL CADA 4 PERSONAS
A59: TOTAL EPP ANUAL | F59: =SUM(F48:F58) -> 662200
A61: CÁLCULO EPP PARA PERSONAL DE OFICINA (NO INCLUYE DOTACIÓN PAPSO)
A62: DESCRIPCIÓN | C62: UNIDAD | D62: CANTIDAD | E62: VR. UNIT. | F62: VR. TOTAL | G62: OBSERVACIONES
A63: CASCO | C63: UN | D63: 1 | E63: 23000 | F63: =+D63*E63 -> 23000 | G63: CASCO ECO DIELECTRICO RATCHET BLANCO 1 ANUAL POR PERSONA
A64: TAFILETES | C64: UN | D64: 2 | E64: 9000 | F64: =+D64*E64 -> 18000 | G64: TAFILETE CINTA CASCO 2 ANUALES ADICIONAL POR PERSONA
A65: MONOGAFAS | C65: UN | D65: 2 | E65: 17900 | F65: =+D65*E65 -> 35800 | G65: GAFAS SEGURIDAD CREONTE LENTE OSCURO AF 2 ANUALES POR PERSONA
A66: TAPABOCAS | C66: UN | D66: 2 | E66: 14000 | F66: =+D66*E66 -> 28000 | G66: RESPIRADOR N95 VÁLVULA CARBÓN ACTIVADO 2 ANUALES POR PERSONA
A67: TAPONES AUDITIVOS SENCILLOS | C67: UN | D67: 12 | E67: 3600 | F67: =+D67*E67 -> 43200 | G67: TAPON OIDO SILICONADO 1 MENSUAL POR CADA TRABAJADOR
A68: CHALECOS REFLECTIVOS | C68: UN | D68: 2 | E68: 90000 | F68: =+D68*E68 -> 180000 | G68: CHALECO MULTIFUNCIONAL 1 SEMESTRAL A CADA TRABAJADOR
A69: ARNÉS DE SEGURIDAD + ESLINGA | C69: UN | D69: 0.25 | E69: 250000 | F69: =+D69*E69 -> 62500 | G69: KIT DE ARNÉS CON ESLINGA INTEGRADA - 3M 1 ANUAL CADA 4 PERSONAS
A70: TOTAL EPP ANUAL | F70: =SUM(F63:F69) -> 390500

Sheet INSUMOS SERVICIOS
A1: DEPARTAMENTO DE ANTIOQUIA
A2: ='DATOS INICIALES'!B6 -> MUNICIPIO DE DABEIBA
A3: ='DATOS INICIALES'!B3 -> REPOSICIÓN, AMPLIACIÓN Y REPARACIÓN DE LUMINARIAS QUE HACEN PARTE DE LA RED DE ALUMBRADOPÚBLICO DEL PARQUE PRINCIPAL Y CORREGIMIENTO SAN JOSÉ DE URAMA DEL MUNICIPIO DE DABEIBA.
A5: LISTADO DE INSUMOS - SERVICIOS
A7: CÓDIGO | B7: DESCRIPCIÓN | C7: UNIDAD | D7: VALOR UNITARIO
A8: SE005 | B8: ADQUISICIÓN DE CARTOGRAFIA (IMÁGENES DE SATELITE Y FOTOS AÉREAS EXISTENTES) S/COMPROBANTE PAGO | C8: UN | D8: 100000
A9: SE003 | B9: ARRIENDO OFICINA DE CAMPO + DOTACIÓN | C9: MES | D9: 400000
A10: SE001 | B10: COMISIÓN TOPOGRÁFICA (1 TOP. + 1 CAD. 1 + 1 CAD. 2) | C10: DÍA | D10: 516617.34
A11: SE002 | B11: COMISIÓN TOPOGRÁFICA (1 TOP. + 1 CAD. 1) | C11: DÍA | D11: 447639.44
A12: SEL009 | B12: Compactación, densidad, estabilidad y flujo por briqueta para asfaltos | C12: UN | D12: 72000
A13: SE004 | B13: DERECHO A BOTADERO | C13: M3 | D13: 5000
A14: SEL003 | B14: Determinación de terrones de arcilla y partículas deleznables en los agregados | C14: UN | D14: 79000
A15: SEL006 | B15: Diseños de mezcla para una resistencia determinada (Incluye ensayos a agregados y verificación de resistencia) | C15: UN | D15: 500000
A16: SEL008 | B16: Extracción cuantitativa del asfalto en mezclas en caliente para pavimentos (contenido de asfalto) | C16: UN | D16: 115000
A17: SEL001 | B17: Granulometría por tamizado con lavado sobre tamiz No 200 | C17: UN | D17: 107000
A18: SEL005 | B18: Relación de Soporte del Suelo en el laboratorio (CBR en el laboratorio) remodelado y sumergido. Suelos granulares (3 puntos) | C18: UN | D18: 368000
A19: SEL004 | B19: Relaciones de humedad - masa unitaria seca en los suelos (ensayo modificado de compactación - Proctor Modificado) con corrección del peso unitario y contenido de agua | C19: UN | D19: 147000
... A21: SEL002 | B21: Resistencia al desgaste de los agregados de tamaños menores a 37,5 mm (1 1/2") por medio de la máquina de los ángeles. | C21: UN | D21: 145000
B29: HADY LORENA VILLA CARVAJAL
B30: SECRETARIA DE PLANEACIÓN E INFRAESTRUCTURA
